Workbook

Sheet Cover
A13: CAPITAL IMPROVEMENTS PROGRAM COMMITTEE
A15: RECOMMENDATIONS for 2021 CAPITAL FUNDING
A16: SUMMARY and DETAIL SCHEDULES
A18: 44200
A20: Proforma Restatement to Reflect Selectboard's Proposed Changes, January 9, 2021
B24: Committee Members
B26: Steven Bittel, Chair
B27: Deborah Davis | C27: Lynn Rust, CPA
B28: Larry Crowder | C28: Jane Johnson - Planning Board's Rep.
B29: Bruce Bohannon | C29: Sly Karasinski - Selectmen's Rep.

Sheet Comments
B1: Annual Reserve Cash Appropriations via Warrant Article:
C2: Year-over-year there is $24,000 increase (4.3%). | M2: ='2021 Cash Reserve Summary'!F49 -> 83000 | N2: ='2021 Cash Reserve Summary'!H49 -> 0.16210938
C3: Significate movements within that number are:
D4: Town Hall Improvement reduction is an offset for the next several years by Recycling Center Rehab Project (now all cash).
D5: DPW's large increase of $85,000, of which Roads constitute $50,000. | M5: ='2021 Cash Reserve Summary'!J5 -> 50000 | N5: ='2021 Cash Reserve Summary'!F9 -> 50000 | O5: ='2021 Cash Reserve Summary'!F47 -> -12000 | P5: =M5+O5 -> 38000
B6: Annual Debt Service (Principal + Interest):
C7: Year-over-year there is an $110,000 increase (+35%) . | M7: ='7 Yr Summary'!D71-'7 Yr Summary'!C71 -> 110413.37 | N7: =Comments!M7/'7 Yr Summary'!C71 -> 0.35125418
D8: Entirely due to one-half year servicing of the new Fire debt( Engine plus Station) of $3.6 million; a similar | N8: ='7 Yr Summary'!N65 -> 3000000
E9: increase will occur in 2022.
D10: The increase also represents an increase in the 2020 Budgeted Commitment of $110,000. | M10: ='7 Yr Summary'!D86 -> -11685.239 | N10: ='7 Yr Summary'!D71-'7 Yr Summary'!C71 -> 110413.37
C11: Six Year Trends:
D12: Future bond issues are contemplated for buildings: Town Hall and DPW (average of $600,000/issue).
D13: Annual debt service nearly would increase from 2020/2021 levels (from approximately $400,000 to $665,000). | M13: ='7 Yr Summary'!I71 -> 665797.51
B14: Annual Total Capital Commitment (Reserve Appropriations + Debt Service):
C15: Year-over-year there is $134,000 increase (15%) - entirely due to first half year of Fire Station 2 debt service. | M15: ='7 Yr Summary'!D77 -> 193413.37 | N15: ='7 Yr Summary'!D76 -> 0.23406017
C16: Seven year Total Commitment increases by $495,000 (57%). | M16: ='7 Yr Summary'!I73-'7 Yr Summary'!C73 -> 549457.13 | N16: =M16/'7 Yr Summary'!C73 -> 0.66492832
B17: Observations and Notes:
C18: This iteration reduces Fire Station 2 Bond by $500,000. | M18: Tax Rates:
C19: Recommended Reserve Account changes via Warrant Articles are: | N19: 2019 | O19: 2020
D20: Amend Cemetery Expansion to include major maintenance and improvements. | M20: Town | N20: 5.8 | O20: 6.22
C21: Although the Committee's consensus was to support the acquisition of a new Engine 2, especially the dual Rescue/Pumper | M21: Total | N21: 25.76 | O21: 25.68
D22: function (enabling a fleet reduction of the current heavy rescue truck), it chose to defer action until and because of:
E23: The effectiveness, including length of probable service life extension, of possible repairs is better understood; and
E24: the fact that there presently is no storage facility for the proposed larger vehicle, and likely will not be for at least two years.
F25: CHANGED BY WA PETITION
C26: Known unknows:
D27: Late year staff turnovers in DPW and Recreation resulted in carrying forward prior budgets without modification until the 2022 budget.
D28: Estimates for Town Hall and DPW renovations are undetermined placeholders.
D29: Roads: Webber Hill erosion and California Brook vs. grants are undetermined.
D30: Future needs of recycling streams/economics remain uncertain.
D31: Regional medical response solution is undetermined.
D32: Cost of Richardson Park foundation repair/replacement is not determined.

Sheet 2021 Cash Reserve Summary
C2: Estimated | D2: Contributions | H2: Major Net Increase/Decrease Causes
C3: Balance | D3: Actual | E3: 2021
A4: Department | C4: 44196 | D4: 2020 | E4: Recommend | F4: Incr.(Decr.) | H4: Comments
A5: DPW: | H5: DPW Net Increase $85,000 | J5: =SUM(F6:F13) -> 50000
B6: Equipment | C6: ='DPW-CEM Equip'!C25 -> 419000 | D6: ='DPW-CEM Equip'!C23 -> 160000 | E6: ='DPW-CEM Equip'!C27 -> 150000 | F6: =E6-D6 -> -10000
B7: Facilities | C7: ='DPW Facilities'!C16 -> 98000 | D7: ='DPW Facilities'!C14 -> 0 | E7: ='DPW Facilities'!C18 -> 0 | F7: =E7-D7 -> 0
B8: Cemetery Expansion | C8: ='Cemetery Expansion'!C18 -> 70000 | D8: 0 | E8: ='Cemetery Expansion'!C19 -> 0 | F8: =E8-D8 -> 0
B9: Road Reconst. | C9: ='DPW Road Rehab'!C22 -> 298000 | D9: ='DPW Road Rehab'!C20 -> 150000 | E9: ='DPW Road Rehab'!C24 -> 200000 | F9: =E9-D9 -> 50000 | H9: Major Increase
B10: Muni Trans Fund | C10: ='DPW Muni Trans & Snow SW Fd'!C15 -> 258000 | D10: 0 | E10: 0 | F10: =E10-D10 -> 0
B11: Town Sidewalks | C11: 0 | D11: 0 | E11: ='DPW Sidewalks'!C18 -> 10000 | F11: =E11-D11 -> 10000 | H11: New Fund; match grants in progress
B12: Town Dams | C12: ='DPW Town Dams'!C15 -> 158000 | D12: ='DPW Town Dams'!C13 -> 10000 | E12: ='DPW Town Dams'!C16 -> 10000 | F12: =E12-D12 -> 0
B13: Town Bridges | C13: ='DPW Bridges'!C16 -> 104000 | D13: ='DPW Bridges'!C14 -> 40000 | E13: ='DPW Bridges'!C18 -> 40000 | F13: =E13-D13 -> 0
B14: Covered Bridges | C14: ='DPW Covered Br'!C18 -> 95000 | D14: ='DPW Covered Br'!C16 -> 5000 | E14: ='DPW Covered Br'!C19 -> 5000 | F14: =E14-D14 -> 0
A15: Emergency Mgmt.:
B16: Facilities | C16: ='EM Fac & Com'!C23 -> 42000 | D16: 0 | E16: 0 | F16: =E16-D16 -> 0
B17: Communications | C17: ='EM Fac & Com'!C28 -> 109000 | D17: 5000 | E17: ='EM Fac & Com'!C30 -> 10000 | F17: =E17-D17 -> 5000
A18: Fire: | H18: Fire Net Increase $10,000 | J18: =SUM(F19:F24) -> -5000
B19: Trucks | C19: ='Fire Trucks'!C20 -> 198000 | D19: 5000 | E19: ='Fire Trucks'!C23 -> 5000 | F19: =E19-D19 -> 0
B20: Vehicle Repairs/Replace. | C20: 0 | D20: 0 | E20: 0 | F20: =E20-D20 -> 0
B21: Ponds | C21: ='Fire Ponds'!C17 -> 53000 | D21: ='Fire Ponds'!C15 -> 25000 | E21: ='Fire Ponds'!C19 -> 20000 | F21: =E21-D21 -> -5000
B22: Tools | C22: ='Fire Tools'!C18 -> 63000 | D22: ='Fire Tools'!C16 -> 20000 | E22: ='Fire Tools'!C20 -> 10000 | F22: =E22-D22 -> -10000
B23: Station Maint. | C23: =' Fire Sta. Maint ET'!C20 -> 16000 | D23: 0 | E23: =' Fire Sta. Maint ET'!C21 -> 0 | F23: =E23-D23 -> 0
B24: Fire Station Reserve | C24: ='Fire Sta CR'!C21 -> 173000 | D24: ='Fire Sta CR'!C19 -> 0 | E24: ='Fire Sta CR'!C23 -> 10000 | F24: =E24-D24 -> 10000
A25: Police:
B26: Cruisers | C26: ='PD Cruisers'!C24 -> 64000 | D26: ='PD Cruisers'!C22 -> 40000 | E26: ='PD Cruisers'!C26 -> 40000 | F26: =E26-D26 -> 0
B27: SD Cruiser Revolver | C27: ='PD Cruisers'!D19 -> 24000 | D27: 0 | E27: 0 | F27: =E27-D27 -> 0
B28: IMS | C28: ='PD Other'!C19 -> 29000 | D28: 3000 | E28: ='PD Other'!C20 -> 3000 | F28: =E28-D28 -> 0
B29: Facilities | C29: ='PD Other'!C25 -> 12000 | D29: 3000 | E29: ='PD Other'!C26 -> 3000 | F29: =E29-D29 -> 0
A30: Town Hall:
B31: Repairs & Expansion | C31: ='Town Hall Expansion-Repairs'!C21 -> 91500 | D31: 0 | E31: ='Town Hall Expansion-Repairs'!C22 -> 0 | F31: =E31-D31 -> 0 | H31: Major Decrease due to possible bonding
B32: IMS | C32: ='Town IMS'!C15 -> 32000 | D32: 15000 | E32: ='Town IMS'!C16 -> 10000 | F32: =E32-D32 -> -5000
A33: Rail Trails | C33: 0 | D33: 0 | E33: ='Rail Trails'!C16 -> 0 | F33: =E33-D33 -> 0
A34: Recreation | C34: =Recreation!C20 -> 74000 | D34: =Recreation!C18 -> 10000 | E34: =Recreation!C21 -> 10000 | F34: =E34-D34 -> 0
A35: Recycling Center:
B36: Facilities Reserve | C36: 0 | D36: 0 | E36: =Recycling!C25 -> 50000 | F36: =E36-D36 -> 50000 | H36: Major Incr. - Temp. increase cash funding
B37: Revolver | C37: =Recycling!C24 -> 486000 | D37: 0 | E37: 0 | F37: =E37-D37 -> 0 | H37: used for rehab.; no debt financing
A38: Libraries:
B39: Mt. Caesar Library | C39: ='Lib-MCUL'!C21 -> 21000 | D39: 3000 | E39: ='Lib-MCUL'!C22 -> 3000 | F39: =E39-D39 -> 0
B40: Stratton Free Library | C40: ='Lib-SFL'!C17 -> 12000 | D40: 1000 | E40: ='Lib-SFL'!C19 -> 1000 | F40: =E40-D40 -> 0
D41: =SUM(D6:D40) -> 495000 | E41: =SUM(E6:E40) -> 590000 | F41: =SUM(F6:F40) -> 95000 | H41: =F41/D41 -> 0.19191919 | I41: Increase(Decrease) | K41: =E41-D41 -> 95000 | L41: =F41-K41 -> 0
A42: Other Accounts:
B43: Carpenter Home | C43: =CH!C14 -> 76000 | D43: 0 | E43: =CH!C17 -> 0 | F43: =E43-D43 -> 0 | H43: WA to terminate to GF
B44: Conservation Land | C44: ='Cons. Land Acq'!C17 -> 192000 | D44: 0 | E44: ='Cons. Land Acq'!C15 -> 0 | F44: =E44-D44 -> 0
B45: Grange Hall | C45: 0 | D45: =Grange!C12 -> 17000 | E45: =Grange!C16 -> 5000 | F45: =E45-D45 -> -12000 | H45: Proposed by special Warrant Article
B46: Whitcomb Hall | C46: =WH!C12 -> 105000 | D46: 0 | E46: =WH!C14 -> 0 | F46: =E46-D46 -> 0
D47: =SUM(D43:D46) -> 17000 | E47: =SUM(E43:E46) -> 5000 | F47: =SUM(F43:F46) -> -12000 | H47: =F47/D47 -> -0.70588235 | I47: Increase(Decrease) | K47: =E47-D47 -> -12000 | L47: =F47-K47 -> 0
B49: Grand Total | D49: =D41+D47 -> 512000 | E49: =E41+E47 -> 595000 | F49: =F41+F47 -> 83000 | H49: =F49/D49 -> 0.16210938 | I49: Increase(Decrease) | K49: =E49-D49 -> 83000 | L49: =F49-K49 -> 0
D51: =D49-'7 Yr Summary'!C49 -> 0 | E51: =E49-'7 Yr Summary'!D49 -> 0
C52: =SUM(C6:C47) -> 3372500
C55: Winter DPW | D55: 10000 | E55: 5000 | F55: =D55-E55 -> 5000
C56: Revals | D56: 20000 | E56: 20000 | F56: =D56-E56 -> 0
C57: Sidewalks | D57: 0 | E57: -10000 | F57: =D57-E57 -> 10000
C58: MCUL | D58: -3000 | E58: 0 | F58: =D58-E58 -> -3000
D59: =SUM(D55:D58)+D49 -> 539000 | E59: =SUM(E55:E58)+E49 -> 610000 | F59: =D59-E59 -> -71000
D60: 539000 | E60: 610000 | F60: =D60-E60 -> -71000
D61: =D59-D60 -> 0 | E61: =E59-E60 -> 0 | F61: =D61-E61 -> 0

Sheet 7 Yr Summary
A2: Department | C2: 2020 | D2: =1+C2 -> 2021 | E2: =1+D2 -> 2022 | F2: =1+E2 -> 2023 | G2: =1+F2 -> 2024 | H2: =1+G2 -> 2025 | I2: =1+H2 -> 2026
A3: CR/ET Direct Cash Appropriations: | C3: (Actual)
A4: DPW:
B5: Equipment | C5: ='2021 Cash Reserve Summary'!D6 -> 160000 | D5: ='DPW-CEM Equip'!C27 -> 150000 | E5: ='DPW-CEM Equip'!D27 -> 150000 | F5: ='DPW-CEM Equip'!E27 -> 150000 | G5: ='DPW-CEM Equip'!F27 -> 150000 | H5: ='DPW-CEM Equip'!G27 -> 150000 | I5: ='DPW-CEM Equip'!H27 -> 150000 | K5: ='2021 Cash Reserve Summary'!E6 -> 150000 | L5: =D5-K5 -> 0
B6: Facilities | C6: ='2021 Cash Reserve Summary'!D7 -> 0 | D6: ='DPW Facilities'!C18 -> 0 | E6: ='DPW Facilities'!D18 -> 0 | F6: ='DPW Facilities'!E18 -> 0 | G6: ='DPW Facilities'!F18 -> 0 | H6: ='DPW Facilities'!G18 -> 0 | I6: ='DPW Facilities'!H18 -> 0 | K6: ='2021 Cash Reserve Summary'!E7 -> 0 | L6: =D6-K6 -> 0
B7: Cemetery Expansion | C7: ='2021 Cash Reserve Summary'!D8 -> 0 | D7: ='Cemetery Expansion'!C19 -> 0 | E7: ='Cemetery Expansion'!D19 -> 0 | F7: ='Cemetery Expansion'!E19 -> 5000 | G7: ='Cemetery Expansion'!F19 -> 5000 | H7: ='Cemetery Expansion'!G19 -> 5000 | I7: ='Cemetery Expansion'!H19 -> 5000 | K7: ='2021 Cash Reserve Summary'!E8 -> 0 | L7: =D7-K7 -> 0
B8: Road Reconst. | C8: ='2021 Cash Reserve Summary'!D9 -> 150000 | D8: ='DPW Road Rehab'!C24 -> 200000 | E8: ='DPW Road Rehab'!D24 -> 250000 | F8: ='DPW Road Rehab'!E24 -> 300000 | G8: ='DPW Road Rehab'!F24 -> 300000 | H8: ='DPW Road Rehab'!G24 -> 300000 | I8: ='DPW Road Rehab'!H24 -> 300000 | K8: ='2021 Cash Reserve Summary'!E9 -> 200000 | L8: =D8-K8 -> 0
B9: Muni Trans Fund | C9: ='2021 Cash Reserve Summary'!D10 -> 0 | D9: 0 | E9: 0 | F9: 0 | G9: 0 | H9: 0 | I9: 0 | K9: ='2021 Cash Reserve Summary'!E10 -> 0 | L9: =D9-K9 -> 0
B10: Town Sidewalks | C10: ='2021 Cash Reserve Summary'!D11 -> 0 | D10: ='DPW Sidewalks'!C18 -> 10000 | E10: ='DPW Sidewalks'!D18 -> 10000 | F10: ='DPW Sidewalks'!E18 -> 10000 | G10: ='DPW Sidewalks'!F18 -> 10000 | H10: ='DPW Sidewalks'!G18 -> 10000 | I10: ='DPW Sidewalks'!H18 -> 10000 | K10: ='2021 Cash Reserve Summary'!E11 -> 10000 | L10: =D10-K10 -> 0
B11: Town Dams | C11: ='2021 Cash Reserve Summary'!D12 -> 10000 | D11: ='DPW Town Dams'!C16 -> 10000 | E11: ='DPW Town Dams'!D16 -> 10000 | F11: ='DPW Town Dams'!E16 -> 10000 | G11: ='DPW Town Dams'!F16 -> 10000 | H11: ='DPW Town Dams'!G16 -> 10000 | I11: ='DPW Town Dams'!H16 -> 10000 | K11: ='2021 Cash Reserve Summary'!E12 -> 10000 | L11: =D11-K11 -> 0
B12: Town Bridges | C12: ='2021 Cash Reserve Summary'!D13 -> 40000 | D12: ='DPW Bridges'!C18 -> 40000 | E12: ='DPW Bridges'!D18 -> 40000 | F12: ='DPW Bridges'!E18 -> 50000 | G12: ='DPW Bridges'!F18 -> 50000 | H12: ='DPW Bridges'!G18 -> 50000 | I12: ='DPW Bridges'!H18 -> 50000 | K12: ='2021 Cash Reserve Summary'!E13 -> 40000 | L12: =D12-K12 -> 0
B13: Covered Bridges | C13: ='2021 Cash Reserve Summary'!D14 -> 5000 | D13: ='DPW Covered Br'!C19 -> 5000 | E13: ='DPW Covered Br'!D19 -> 5000 | F13: ='DPW Covered Br'!E19 -> 5000 | G13: ='DPW Covered Br'!F19 -> 5000 | H13: ='DPW Covered Br'!G19 -> 5000 | I13: ='DPW Covered Br'!H19 -> 5000 | K13: ='2021 Cash Reserve Summary'!E14 -> 5000 | L13: =D13-K13 -> 0
A14: Emergency Mgmt.: | C14: ='2021 Cash Reserve Summary'!D15 -> 0 | K14: ='2021 Cash Reserve Summary'!E15 -> 0 | L14: =D14-K14 -> 0
B15: Facilities | C15: ='2021 Cash Reserve Summary'!D16 -> 0 | D15: 0 | E15: 0 | F15: 0 | G15: 0 | H15: 0 | I15: 0 | K15: ='2021 Cash Reserve Summary'!E16 -> 0 | L15: =D15-K15 -> 0
B16: Communications | C16: ='2021 Cash Reserve Summary'!D17 -> 5000 | D16: ='EM Fac & Com'!C30 -> 10000 | E16: ='EM Fac & Com'!D30 -> 10000 | F16: ='EM Fac & Com'!E30 -> 10000 | G16: ='EM Fac & Com'!F30 -> 10000 | H16: ='EM Fac & Com'!G30 -> 10000 | I16: ='EM Fac & Com'!H30 -> 10000 | K16: ='2021 Cash Reserve Summary'!E17 -> 10000 | L16: =D16-K16 -> 0
A17: Fire: | K17: ='2021 Cash Reserve Summary'!E18 -> 0 | L17: =D17-K17 -> 0
B18: Trucks | C18: ='2021 Cash Reserve Summary'!D19 -> 5000 | D18: ='Fire Trucks'!C23 -> 5000 | E18: ='Fire Trucks'!D23 -> 5000 | F18: ='Fire Trucks'!E23 -> 5000 | G18: ='Fire Trucks'!F23 -> 5000 | H18: ='Fire Trucks'!G23 -> 5000 | I18: ='Fire Trucks'!H23 -> 5000 | K18: ='2021 Cash Reserve Summary'!E19 -> 5000 | L18: =D18-K18 -> 0
B19: Vehicle Repairs/Replacement (NEW ACC'T) | C19: 0 | D19: 0 | E19: 0 | F19: 0 | G19: 0 | H19: 0 | I19: 0 | K19: ='2021 Cash Reserve Summary'!E20 -> 0 | L19: =D19-K19 -> 0
B20: Ponds | C20: ='2021 Cash Reserve Summary'!D21 -> 25000 | D20: ='Fire Ponds'!C19 -> 20000 | E20: ='Fire Ponds'!D19 -> 30000 | F20: ='Fire Ponds'!E19 -> 30000 | G20: ='Fire Ponds'!F19 -> 30000 | H20: ='Fire Ponds'!G19 -> 30000 | I20: ='Fire Ponds'!H19 -> 30000 | K20: ='2021 Cash Reserve Summary'!E21 -> 20000 | L20: =D20-K20 -> 0
B21: Tools | C21: ='2021 Cash Reserve Summary'!D22 -> 20000 | D21: ='Fire Tools'!C20 -> 10000 | E21: ='Fire Tools'!D20 -> 10000 | F21: ='Fire Tools'!E20 -> 10000 | G21: ='Fire Tools'!F20 -> 10000 | H21: ='Fire Tools'!G20 -> 5000 | I21: ='Fire Tools'!H20 -> 5000 | K21: ='2021 Cash Reserve Summary'!E22 -> 10000 | L21: =D21-K21 -> 0
B22: Station Maint. | C22: ='2021 Cash Reserve Summary'!D23 -> 0 | D22: =' Fire Sta. Maint ET'!C21 -> 0 | E22: =' Fire Sta. Maint ET'!D21 -> 0 | F22: =' Fire Sta. Maint ET'!E21 -> 0 | G22: =' Fire Sta. Maint ET'!F21 -> 0 | H22: =' Fire Sta. Maint ET'!G21 -> 0 | I22: =' Fire Sta. Maint ET'!H21 -> 0 | K22: ='2021 Cash Reserve Summary'!E23 -> 0 | L22: =D22-K22 -> 0
B23: Fire Station Cap Reserve | C23: ='2021 Cash Reserve Summary'!D24 -> 0 | D23: ='Fire Sta CR'!C23 -> 10000 | E23: ='Fire Sta CR'!D23 -> 10000 | F23: ='Fire Sta CR'!E23 -> 10000 | G23: ='Fire Sta CR'!F23 -> 10000 | H23: ='Fire Sta CR'!G23 -> 10000 | I23: ='Fire Sta CR'!H23 -> 10000 | K23: ='2021 Cash Reserve Summary'!E24 -> 10000 | L23: =D23-K23 -> 0
A24: Police: | K24: ='2021 Cash Reserve Summary'!E25 -> 0 | L24: =D24-K24 -> 0
B25: Cruisers | C25: ='2021 Cash Reserve Summary'!D26 -> 40000 | D25: ='PD Cruisers'!C26 -> 40000 | E25: ='PD Cruisers'!D26 -> 40000 | F25: ='PD Cruisers'!E26 -> 40000 | G25: ='PD Cruisers'!F26 -> 40000 | H25: ='PD Cruisers'!G26 -> 40000 | I25: ='PD Cruisers'!H26 -> 40000 | K25: ='2021 Cash Reserve Summary'!E26 -> 40000 | L25: =D25-K25 -> 0
B26: SD Revolver | C26: ='2021 Cash Reserve Summary'!D27 -> 0 | D26: 0 | E26: 0 | F26: ='DPW Town Dams'!E28 -> 0 | G26: ='DPW Town Dams'!F28 -> 0 | H26: ='DPW Town Dams'!G28 -> 0 | I26: ='DPW Town Dams'!H28 -> 0 | K26: ='2021 Cash Reserve Summary'!E27 -> 0 | L26: =D26-K26 -> 0
B27: IMS | C27: ='2021 Cash Reserve Summary'!D28 -> 3000 | D27: ='PD Other'!C20 -> 3000 | E27: ='PD Other'!D20 -> 3000 | F27: ='PD Other'!E20 -> 3000 | G27: ='PD Other'!F20 -> 3000 | H27: ='PD Other'!G20 -> 3000 | I27: ='PD Other'!H20 -> 3000 | K27: ='2021 Cash Reserve Summary'!E28 -> 3000 | L27: =D27-K27 -> 0
B28: Facilities | C28: ='2021 Cash Reserve Summary'!D29 -> 3000 | D28: ='PD Other'!C26 -> 3000 | E28: ='PD Other'!D26 -> 3000 | F28: ='PD Other'!E26 -> 3000 | G28: ='PD Other'!F26 -> 3000 | H28: ='PD Other'!G26 -> 3000 | I28: ='PD Other'!H26 -> 3000 | K28: ='2021 Cash Reserve Summary'!E29 -> 3000 | L28: =D28-K28 -> 0
K29: ='2021 Cash Reserve Summary'!E30 -> 0 | L29: =D29-K29 -> 0
A30: Department | C30: 2020 | D30: =1+C30 -> 2021 | E30: =1+D30 -> 2022 | F30: =1+E30 -> 2023 | G30: =1+F30 -> 2024 | H30: =1+G30 -> 2025 | I30: =1+H30 -> 2026
A31: Town Hall:
B32: ='2021 Cash Reserve Summary'!B31 -> Repairs & Expansion | C32: ='2021 Cash Reserve Summary'!D31 -> 0 | D32: ='Town Hall Expansion-Repairs'!C22 -> 0 | E32: ='Town Hall Expansion-Repairs'!D22 -> 0 | F32: ='Town Hall Expansion-Repairs'!E22 -> 0 | G32: ='Town Hall Expansion-Repairs'!F22 -> 0 | H32: ='Town Hall Expansion-Repairs'!G22 -> 0 | I32: ='Town Hall Expansion-Repairs'!H22 -> 0 | K32: ='2021 Cash Reserve Summary'!E31 -> 0 | L32: =D32-K32 -> 0
B33: IMS | C33: ='2021 Cash Reserve Summary'!D32 -> 15000 | D33: ='Town IMS'!C16 -> 10000 | E33: ='Town IMS'!D16 -> 10000 | F33: ='Town IMS'!E16 -> 10000 | G33: ='Town IMS'!F16 -> 10000 | H33: ='Town IMS'!G16 -> 10000 | I33: ='Town IMS'!H16 -> 10000 | K33: ='2021 Cash Reserve Summary'!E32 -> 10000 | L33: =D33-K33 -> 0
A34: Rail Trails | C34: 0 | D34: ='Rail Trails'!C16 -> 0 | E34: ='Rail Trails'!D16 -> 0 | F34: ='Rail Trails'!E16 -> 0 | G34: ='Rail Trails'!F16 -> 0 | H34: ='Rail Trails'!G16 -> 0 | I34: ='Rail Trails'!H16 -> 0 | K34: ='2021 Cash Reserve Summary'!E33 -> 0 | L34: =D34-K34 -> 0
A35: Recreation | C35: ='2021 Cash Reserve Summary'!D34 -> 10000 | D35: =Recreation!C21 -> 10000 | E35: =Recreation!D21 -> 10000 | F35: =Recreation!E21 -> 10000 | G35: =Recreation!F21 -> 10000 | H35: =Recreation!G21 -> 10000 | I35: =Recreation!H21 -> 10000 | K35: ='2021 Cash Reserve Summary'!E34 -> 10000 | L35: =D35-K35 -> 0
A36: Recycling Center: | K36: ='2021 Cash Reserve Summary'!E35 -> 0 | L36: =D36-K36 -> 0
B37: Reserve | C37: ='2021 Cash Reserve Summary'!D36 -> 0 | D37: =Recycling!C25 -> 50000 | E37: =Recycling!D25 -> 50000 | F37: =Recycling!E25 -> 50000 | G37: =Recycling!F25 -> 50000 | H37: =Recycling!G25 -> 50000 | I37: =Recycling!H25 -> 50000 | K37: ='2021 Cash Reserve Summary'!E36 -> 50000 | L37: =D37-K37 -> 0
B38: Revolver | C38: ='2021 Cash Reserve Summary'!D37 -> 0 | D38: 0 | E38: 0 | F38: 0 | G38: 0 | H38: 0 | I38: 0 | K38: ='2021 Cash Reserve Summary'!E37 -> 0 | L38: =D38-K38 -> 0
A39: Libraries: | K39: ='2021 Cash Reserve Summary'!E38 -> 0 | L39: =D39-K39 -> 0
B40: Mt. Caesar Library | C40: ='2021 Cash Reserve Summary'!D39 -> 3000 | D40: ='Lib-MCUL'!C22 -> 3000 | E40: ='Lib-MCUL'!D22 -> 3000 | F40: ='Lib-MCUL'!E22 -> 3000 | G40: ='Lib-MCUL'!F22 -> 3000 | H40: ='Lib-MCUL'!G22 -> 3000 | I40: ='Lib-MCUL'!H22 -> 3000 | K40: ='2021 Cash Reserve Summary'!E39 -> 3000 | L40: =D40-K40 -> 0
B41: Stratton Free Library | C41: ='2021 Cash Reserve Summary'!D40 -> 1000 | D41: ='Lib-SFL'!C19 -> 1000 | E41: ='Lib-SFL'!D19 -> 1000 | F41: ='Lib-SFL'!E19 -> 1000 | G41: ='Lib-SFL'!F19 -> 1000 | H41: ='Lib-SFL'!G19 -> 1000 | I41: ='Lib-SFL'!H19 -> 1000 | K41: ='2021 Cash Reserve Summary'!E40 -> 1000 | L41: =D41-K41 -> 0
C42: =SUM(C5:C28)+SUM(C32:C41) -> 495000 | D42: =SUM(D5:D28)+SUM(D32:D41) -> 590000 | E42: =SUM(E5:E28)+SUM(E32:E41) -> 650000 | F42: =SUM(F5:F28)+SUM(F32:F41) -> 715000 | G42: =SUM(G5:G28)+SUM(G32:G41) -> 715000 | H42: =SUM(H5:H28)+SUM(H32:H41) -> 710000 | I42: =SUM(I5:I28)+SUM(I32:I41) -> 710000
A43: Other Accounts:
B44: Carpenter Home | C44: ='2021 Cash Reserve Summary'!D43 -> 0 | D44: =CH!C17 -> 0 | E44: =CH!D17 -> 0 | F44: =CH!E17 -> 0 | G44: =CH!F17 -> 0 | H44: =CH!G17 -> 0 | I44: =CH!H17 -> 0 | K44: ='2021 Cash Reserve Summary'!E45 -> 5000 | L44: =D44-K44 -> -5000
B45: Conservation Land | C45: ='2021 Cash Reserve Summary'!D44 -> 0 | D45: ='Cons. Land Acq'!C15 -> 0 | E45: ='Cons. Land Acq'!D15 -> 0 | F45: ='Cons. Land Acq'!E15 -> 0 | G45: ='Cons. Land Acq'!F15 -> 0 | H45: ='Cons. Land Acq'!G15 -> 0 | I45: ='Cons. Land Acq'!H15 -> 0 | K45: ='2021 Cash Reserve Summary'!E46 -> 0 | L45: =D45-K45 -> 0
B46: Grange Hall | C46: 17000 | D46: ='2021 Cash Reserve Summary'!E45 -> 5000 | E46: =Grange!D15 -> 0 | F46: =Grange!E15 -> 0 | G46: =Grange!F15 -> 0 | H46: =Grange!G15 -> 0 | I46: =Grange!H15 -> 0 | K46: ='2021 Cash Reserve Summary'!E47 -> 5000 | L46: =D46-K46 -> 0
B47: Whitcomb Hall | C47: 0 | D47: =SUM(D44:D45) -> 0 | E47: =SUM(E44:E45) -> 0 | F47: =SUM(F44:F45) -> 0 | G47: =SUM(G44:G45) -> 0 | H47: =SUM(H44:H45) -> 0 | I47: =SUM(I44:I45) -> 0 | K47: ='2021 Cash Reserve Summary'!E48 -> 0 | L47: =D47-K47 -> 0
C48: =SUM(C44:C47) -> 17000 | D48: =SUM(D44:D47) -> 5000 | E48: =SUM(E44:E47) -> 0 | F48: =SUM(F44:F47) -> 0 | G48: =SUM(G44:G47) -> 0 | H48: =SUM(H44:H47) -> 0 | I48: =SUM(I44:I47) -> 0
B49: Total Warrant Article Direct Cash | C49: =C42+C48 -> 512000 | D49: =D42+D48 -> 595000 | E49: =E42+E48 -> 650000 | F49: =F42+F48 -> 715000 | G49: =G42+G48 -> 715000 | H49: =H42+H48 -> 710000 | I49: =I42+I48 -> 710000 | J49: =D49-C49 -> 83000 | K49: ='2021 Cash Reserve Summary'!F49 -> 83000 | L49: =K49-J49 -> 0
D50: =D49-'2021 Cash Reserve Summary'!E49 -> 0
A51: Department | C51: 2020 | D51: =1+C51 -> 2021 | E51: =1+D51 -> 2022 | F51: =1+E51 -> 2023 | G51: =1+F51 -> 2024 | H51: =1+G51 -> 2025 | I51: =1+H51 -> 2026 | J51: BOND SUMMARY:
A52: Annual Bond Debt Service (P+I): | N52: Original | O52: Level Annual | P52: Last
A53: Authorized Debt Service: | L53: Term/yrs. | M53: Rate | N53: Par Value | O53: Debt Serv. | P53: Payment
B54: 2011 - SCBA Lease | C54: 32164 | D54: 0 | E54: 0 | F54: 0 | G54: 0 | H54: 0 | I54: 0 | J54: Authorized Debt:
B55: 2017 - Police Station | C55: =3929.17*12 -> 47150.04 | D55: =3929.17*12 -> 47150.04 | E55: =3929.17*12 -> 47150.04 | F55: =3929.17*12 -> 47150.04 | G55: =3929.17*12 -> 47150.04 | H55: =3929.17*12 -> 47150.04 | I55: =3929.17*12 -> 47150.04
B56: 2018 - Fire Truck/Dams | C56: 77807 | D56: 75770 | E56: 73220 | F56: 72737 | G56: 74805 | H56: 76617 | I56: 73302 | J56: =B54 -> 2011 - SCBA Lease | L56: 7 | M56: 0.03 | N56: 200742 | O56: =E54 -> 0 | P56: 2020
B57: 2018 - Cardiac Monitors | C57: 7000 | D57: 14000 | E57: 14000 | F57: 14000 | G57: 7000 | H57: 0 | I57: 0 | J57: =B55 -> 2017 - Police Station | L57: 10 | M57: 0.03 | N57: 415000 | O57: =E55 -> 47150.04 | P57: 2027 (24,300)
B58: 2019 - Rehab. Roads | C58: 102109 | D58: 95840 | E58: 98545 | F58: 96640 | G58: 97835 | H58: 99775 | I58: 96460 | J58: =B56 -> 2018 - Fire Truck/Dams | L58: 10 | M58: 0.035 | N58: 680000 | O58: =E56 -> 73220 | P58: 2029
B59: 2020 - Rehab. Roads | C59: =0.5*D59 -> 48110.347 | D59: =E59 -> 96220.693 | E59: =O61 -> 96220.693 | F59: =E59 -> 96220.693 | G59: =F59 -> 96220.693 | H59: =G59 -> 96220.693 | I59: =H59 -> 96220.693 | J59: =B57 -> 2018 - Cardiac Monitors | L59: ='Fire Tools'!D27 -> 5 | M59: ='Fire Tools'!D28 -> 0.03 | N59: ='Fire Tools'!D26 -> 35000 | O59: =E57 -> 14000 | P59: 2023
C60: =SUM(C54:C59) -> 314340.39 | D60: =SUM(D54:D59) -> 328980.73 | E60: =SUM(E54:E59) -> 329135.73 | F60: =SUM(F54:F59) -> 326747.73 | G60: =SUM(G54:G59) -> 323010.73 | H60: =SUM(H54:H59) -> 319762.73 | I60: =SUM(I54:I59) -> 313132.73 | J60: =B58 -> 2019 - Rehab. Roads | L60: 20 | M60: 0.026 | N60: 1500000 | O60: =-PMT(M60,L60,N60) -> 97131.95 | P60: 2038
A61: Proposed Debt Service (P+I): | J61: =B59 -> 2020 - Rehab. Roads | L61: 20 | M61: 0.025 | N61: 1500000 | O61: =-PMT(M61,L61,N61) -> 96220.693 | P61: 2039
B62: 2021 - Station 2 | C62: 0 | D62: =E62/2 -> 76528.889 | E62: =O65 -> 153057.78 | F62: =O65 -> 153057.78 | G62: =F62 -> 153057.78 | H62: =G62 -> 153057.78 | I62: =H62 -> 153057.78 | N62: =SUM(N56:N61) -> 4330742 | O62: =SUM(O56:O61) -> 327722.68
B63: 2021- Fire Truck, Engine 2 | C63: 0 | D63: =0.5*O66 -> 19244.139 | E63: =O67 -> 43690.21 | F63: =O66 -> 38488.277 | G63: =O66 -> 38488.277 | H63: =G63 -> 38488.277 | I63: =H63 -> 38488.277 | J63: Proposed Debt: (Authorization Year)
B64: 2023 - Town Hall | C64: 0 | D64: 0 | E64: 0 | F64: =O67/2 -> 21845.105 | G64: =O67 -> 43690.21 | H64: =G64 -> 43690.21 | I64: =H64 -> 43690.21
B65: 2022 - Dams | C65: 0 | D65: 0 | E65: 0 | F65: =O68/2 -> 0 | G65: =O68 -> 0 | H65: =G65 -> 0 | I65: =H65 -> 0 | J65: =B62 -> 2021 - Station 2 | L65: 30 | M65: 0.03 | N65: ='Fire Sta CR'!C25 -> 3000000 | O65: =-PMT(M65,L65,N65) -> 153057.78
B66: 2022 - Cardiac Monitors | C66: 0 | D66: 0 | E66: 0 | F66: =O69 -> 4865.4487 | G66: =F66 -> 4865.4487 | H66: =G66 -> 4865.4487 | I66: =H66 -> 4865.4487 | J66: 2021 - Fire Trucks - Engine 2 | L66: 20 | M66: 0.025 | N66: ='Fire Trucks'!E24 -> 600000 | O66: =-PMT(M66,L66,N66) -> 38488.277
B67: 2024 - DPW | C67: 0 | D67: ='Town Hall Expansion-Repairs'!C30 -> 0 | E67: ='Town Hall Expansion-Repairs'!D30 -> 0 | F67: ='Town Hall Expansion-Repairs'!E30 -> 0 | G67: =H67 -> 40121.294 | H67: =O70 -> 40121.294 | I67: =H67 -> 40121.294 | J67: =B64 -> 2023 - Town Hall | L67: 20 | M67: 0.03 | N67: ='Town Hall Expansion-Repairs'!E23 -> 650000 | O67: =-PMT(M67,L67,N67) -> 43690.21
B68: 2024 - SCBA Lease | C68: 0 | D68: 0 | E68: 0 | F68: 0 | G68: 0 | H68: =O72 -> 32320.481 | I68: =O72 -> 32320.481 | J68: =B65 -> 2022 - Dams | L68: 20 | M68: 0.03 | N68: ='DPW Town Dams'!D19 -> 0 | O68: =-PMT(M68,L68,N68) -> 0
B69: 2026 - Fire Truck, Ladder 1 | C69: 0 | D69: 0 | E69: 0 | F69: 0 | G69: 0 | H69: 0 | I69: =O73 -> 40121.294 | J69: =B66 -> 2022 - Cardiac Monitors | L69: ='Fire Tools'!F27 -> 7 | M69: ='Fire Tools'!F28 -> 0.035 | N69: 29750 | O69: =-PMT(M69,L69,N69) -> 4865.4487
C70: =SUM(C62:C69) -> 0 | D70: =SUM(D62:D69) -> 95773.028 | E70: =SUM(E62:E69) -> 196747.99 | F70: =SUM(F62:F69) -> 218256.61 | G70: =SUM(G62:G69) -> 280223.01 | H70: =SUM(H62:H69) -> 312543.49 | I70: =SUM(I62:I69) -> 352664.78 | J70: =B67 -> 2024 - DPW | L70: 20 | M70: 0.05 | N70: ='DPW Facilities'!F19 -> 500000 | O70: =-PMT(M70,L70,N70) -> 40121.294
B71: Total CAPEX Debt Service | C71: =C70+C60 -> 314340.39 | D71: =D70+D60 -> 424753.76 | E71: =E70+E60 -> 525883.72 | F71: =F70+F60 -> 545004.34 | G71: =G70+G60 -> 603233.74 | H71: =H70+H60 -> 632306.22 | I71: =I70+I60 -> 665797.51 | J71: 2023 - Recycle | N71: =Recycling!F26 -> 0 | O71: 0 | P71: Now cash funded
J72: =B68 -> 2024 - SCBA Lease | L72: 7 | M72: 0.035 | N72: 197625 | O72: =-PMT(M72,L72,N72) -> 32320.481
B73: Cash (prior page) + Debt Service (Tax Impact) | C73: =C49+C71 -> 826340.39 | D73: =D49+D71 -> 1019753.8 | E73: =E49+E71 -> 1175883.7 | F73: =F49+F71 -> 1260004.3 | G73: =G49+G71 -> 1318233.7 | H73: =H49+H71 -> 1342306.2 | I73: =I49+I71 -> 1375797.5 | J73: 2026 - Fire Trucks - Ladder 1 | L73: 20 | M73: 0.05 | N73: ='Fire Trucks'!H24 -> 500000 | O73: =-PMT(M73,L73,N73) -> 40121.294 | P73: Vote in 2025
H74: 6 yr. avg. | I74: =AVERAGE(D73:I73) -> 1248663.2 | N74: =SUM(N65:N73) -> 5477375 | O74: =SUM(O65:O73) -> 352664.78
B75: Yr/Yr Increase (Decrease) | D75: =D73-C73 -> 193413.37 | E75: =E73-D73 -> 156129.96 | F75: =F73-E73 -> 84120.621 | G75: =G73-F73 -> 58229.399 | H75: =H73-G73 -> 24072.481 | I75: =I73-H73 -> 33491.294 | N75: =N62+N74 -> 9808117 | O75: =O62+O74 -> 680387.46
D76: =D75/C73 -> 0.23406017 | E76: =E75/D73 -> 0.15310555 | F76: =F75/E73 -> 0.071538214 | G76: =G75/F73 -> 0.046213649 | H76: =H75/G73 -> 0.018261163 | I76: =I75/H73 -> 0.024950561 | N76: Reduces
B77: Accum. Increase over Base Year | D77: =$D$75 -> 193413.37 | E77: =D77+E75 -> 349543.33 | F77: =E77+F75 -> 433663.96 | G77: =F77+G75 -> 491893.35 | H77: =G77+H75 -> 515965.83 | I77: =H77+I75 -> 549457.13 | N77: over time
B78: Yr/Yr Tax Rate Effect (2018 AV) | D78: =D116 -> 0.35049703 | E78: =E116 -> 0.28293332 | F78: =F116 -> 0.15244048 | G78: =G116 -> 0.1055213 | H78: =H116 -> 0.043623317 | I78: =I116 -> 0.060691764
B79: Tax Effect in 2021 | D79: =D$75/$B$90*1000 -> 0.30776741 | E79: =E$75/$B$90*1000 -> 0.24844049 | F79: =F$75/$B$90*1000 -> 0.13385623 | G79: =G$75/$B$90*1000 -> 0.092657043 | H79: =H$75/$B$90*1000 -> 0.038305133 | I79: =I$75/$B$90*1000 -> 0.05329274 | J79: Other Town Debt:
B80: Tax Rate Increase per 1,000 (Decrease) | D80: =D75/$B$90*1000 -> 0.30776741 | E80: =E75/$B$90*1000 -> 0.24844049 | F80: =F75/$B$90*1000 -> 0.13385623 | G80: =G75/$B$90*1000 -> 0.092657043 | H80: =H75/$B$90*1000 -> 0.038305133 | I80: =I75/$B$90*1000 -> 0.05329274
B82: Budget Deltas: | D82: =D51 -> 2021 | E82: =1+D82 -> 2022 | F82: =1+E82 -> 2023 | G82: =1+F82 -> 2024 | H82: =1+G82 -> 2025 | I82: =1+H82 -> 2026 | J82: In 2022 WWTP Annual Debt Service will be reduced by $47K.
B83: Cash + Debt Service: | J83: In 2026 TIF Annual Debt Service will be reduced by $187K.
B84: 2021 Budget, above | D84: =D73 -> 1019753.8 | E84: =E73 -> 1175883.7 | F84: =F73 -> 1260004.3 | G84: =G73 -> 1318233.7 | H84: =H73 -> 1342306.2 | I84: =I73 -> 1375797.5
B85: 2020 Budget | D85: 1031439 | E85: 1069211 | F85: 1076709 | G85: 1133353 | H85: 1151557 | I85: N.A.
B86: Yr/Yr Increase (Decrease) | D86: =D84-D85 -> -11685.239 | E86: =E84-E85 -> 106672.72 | F86: =F84-F85 -> 183295.34 | G86: =G84-G85 -> 184880.74 | H86: =H84-H85 -> 190749.22
J87: Other Debt Service Terminations: | N87: Relevance:
K88: Last Payment | N88: Town Operating Funds | P88: 6418000 | Q88: =SUM(P88:P89) -> 7666663.2
B89: 2020 AV | J89: WWTP Debt : | K89: 2021 | L89: 2025 | N89: Projected Inclusive Capex | P89: =I74 -> 1248663.2
B90: 628440073 | K90: 46991 | L90: 0 | P90: =P89/Q88 -> 0.16286919
J91: SRDD Debt: | K91: 2025 | L91: 2026 (Last) | N91: 6 yr. Avg. Increase | P91: =I74-C73 -> 422322.83
B92: Tax Rates: | K92: =180464+6777 -> 187241 | L92: =S73 -> 0 | P92: =P91/P88 -> 0.065802872
C93: 2019 | D93: 2020
B94: Town | C94: 5.8 | D94: 6.22 | E94: 0.44 | F94: =E94/D94 -> 0.07073955
B95: Total | C95: 25.76 | D95: 25.68
B98: Possible Reductions to 2021 Warrant
B99: Amount | C99: Fund
B100: 100000 | C100: Road Rehab
B101: 25000 | C101: Fire Ponds
B102: 5000 | C102: Winter Maintenance
B103: 5000 | C103: Cemetery Maintenance
B104: 10000 | C104: Recycling Center
...

Sheet Cemetery Expansion
A2: Ignore routine facility maintenance/replacement items, which should be in your General Fund operating expense budget.
A3: Please use amounts in even dollars; do not round to nearest thousand. Use notes to expand information when necessary.
A4: Note major changes from your prior budget. | I4: Items after 2026 over $50,000
A5: Item | B5: Comment/Purpose | C5: 2021 | D5: =C5+1 -> 2022 | E5: =D5+1 -> 2023 | F5: =E5+1 -> 2024 | G5: =F5+1 -> 2025 | H5: =G5+1 -> 2026 | I5: Item | J5: Amount
A6: Erosion mitigation -- Mt. View | D6: 20000 | J6: 20000
A7: Wall repair -- Oak Hill | D7: 10000
A8: Roads | C8: 5000 | D8: 5000 | E8: 5000 | I8: See Comments re. Proposed Change in Fund Use
A9: Tree work | C9: 20000 | D9: 10000 | G9: 5000
I13: TOTAL
B14: Totals | C14: =SUM(C6:C13) -> 25000 | D14: =SUM(D6:D13) -> 45000 | E14: =SUM(E6:E13) -> 5000 | F14: =SUM(F6:F13) -> 0 | G14: =SUM(G6:G13) -> 5000 | H14: =SUM(H6:H13) -> 0 | I14: =SUM(C14:H14) -> 80000
B16: 2020 Contribution | C16: 0
B18: Balance, Sept. 30, 2020 | C18: 70000 | D18: =C21 -> 45000 | E18: =D21 -> 0 | F18: =E21 -> 0 | G18: =F21 -> 5000 | H18: =G21 -> 5000
B19: CIP Cash Contributions | C19: 0 | D19: 0 | E19: 5000 | F19: =E19 -> 5000 | G19: =F19 -> 5000 | H19: =G19 -> 5000
B20: Disbursements | C20: =-C14 -> -25000 | D20: =-D14 -> -45000 | E20: =-E14 -> -5000 | F20: =-F14 -> 0 | G20: =-G14 -> -5000 | H20: =-H14 -> 0
B21: Balance, End of Year | C21: =SUM(C18:C20) -> 45000 | D21: =SUM(D18:D20) -> 0 | E21: =SUM(E18:E20) -> 0 | F21: =SUM(F18:F20) -> 5000 | G21: =SUM(G18:G20) -> 5000 | H21: =SUM(H18:H20) -> 10000

Sheet DPW-CEM Equip
A2: Ignore routine facility maintenance/replacement items, which should be in your General Fund operating expense budget.
A3: Please use amounts in even dollars; do not round to nearest thousand. Use notes to expand information when necessary. | M3: GRADER
A4: Note major changes from your prior budget. | I4: Items after 2026 over $50,000 | M4: cost/hr | N4: 300
A5: Item | B5: Purpose | C5: 2021 | D5: =C5+1 -> 2022 | E5: =D5+1 -> 2023 | F5: =E5+1 -> 2024 | G5: =F5+1 -> 2025 | H5: =G5+1 -> 2026 | I5: Item | J5: Amount | N5: 60
A6: Chipper | B6: Replace 25 year old chipper with a more modern version that has a winch to make it safer and more efficient | C6: 75000 | N6: =N4*N5 -> 18000
A7: F550 Dump Truck | B7: Road Maint (Replaces 2013) | I7: Purchased in 2020
A8: Int'l. Dump Truck | B8: Road Maint (replaces 2007) | D8: 185000 | I8: 2027 | J8: 200000
A9: F150 Pick Up | B9: Road Maint (replaces 2007) | D9: 60000
A10: F350 Pick Up | B10: Road Maint (replaces 2006) | E10: 80000
A11: Sidewalk Tractor | B11: Sidewalk Plowing | E11: 150000
A12: Backhoe | F12: 200000
A13: Road Grader | G13: 200000
A14: Trackless Sidewalk plow | H14: 150000
A15: Loader | I15: 2027 | J15: 250000
A16: Compact Excavater | B16: General and Cemetery Work | I16: 2027> | J16: 100000
A17: Other - Mowers, etc. | B17: Cem. and Town Property | C17: 10000 | D17: 7000 | E17: 7000 | F17: 7000 | G17: 7000 | H17: 7000
I18: TOTAL
B19: Totals | C19: =SUM(C6:C18) -> 85000 | D19: =SUM(D6:D18) -> 252000 | E19: =SUM(E6:E18) -> 237000 | F19: =SUM(F6:F18) -> 207000 | G19: =SUM(G6:G18) -> 207000 | H19: =SUM(H6:H18) -> 157000 | I19: =SUM(C19:H19) -> 1145000 | J19: =SUM(J7:J18) -> 550000
I20: 0
I21: =I19-I20 -> 1145000
I22: 6 | J22: yrs.
B23: 2020 Contribution | C23: 160000 | I23: =I21/I22 -> 190833.33
B25: Balance, Sept. 30, 2020 | C25: 419000 | D25: =C31 -> 389000 | E25: =D31 -> 287000 | F25: =E31 -> 275000 | G25: =F31 -> 218000 | H25: =G31 -> 161000
A26: 0 | B26: Late 2020 Disbursements | C26: -95000 | D26: 0 | E26: 0 | F26: 0 | G26: 0 | H26: 0
B27: CIP Cash Contributions | C27: 150000 | D27: =C27 -> 150000 | E27: =D27 -> 150000 | F27: =E27 -> 150000 | G27: =F27 -> 150000 | H27: =G27 -> 150000
B28: Grants | C28: 0 | D28: 0 | E28: 0 | F28: 0 | G28: 0 | H28: 0
B29: Snow Sidewalk Fund | C29: 0 | D29: 0 | E29: 75000 | F29: 0 | G29: 0 | H29: 0
B30: Disbursements | C30: =-C19 -> -85000 | D30: =-D19 -> -252000 | E30: =-E19 -> -237000 | F30: =-F19 -> -207000 | G30: =-G19 -> -207000 | H30: =-H19 -> -157000
B31: Balance, End of Year | C31: =SUM(C25:C30) -> 389000 | D31: =SUM(D25:D30) -> 287000 | E31: =SUM(E25:E30) -> 275000 | F31: =SUM(F25:F30) -> 218000 | G31: =SUM(G25:G30) -> 161000 | H31: =SUM(H25:H30) -> 154000

Sheet DPW Fleet
A4: Year | B4: Make/Model | C4: Type | D4: ID # | E4: Miles / Hours | F4: Estimated Replacement Cost (2020) | G4: CICP Recommended Replacement Year | H4: Department Recommended Replacement Year
A5: 2018 | B5: GMC 3500 | C5: Pick Up | D5: 1 | E5: 38918 | F5: 110000 | G5: 2027 | H5: 2027
A6: 2013 | B6: International 7400 | C6: Dump Truck | D6: 2 | E6: 38847 | F6: 165000 | G6: 2028 | H6: 2028
A7: 2020 | B7: International 7400 | C7: Dump Truck | D7: 3 | E7: 1938 | F7: 165000 | G7: 2035 | H7: 2035
A8: 2016 | B8: International 7400 | C8: Dump Truck | D8: 4 | E8: 20043 | F8: 165000 | G8: 2031 | H8: 2031
A9: 2007 | B9: International 7400 | C9: Dump Truck | D9: 5 | E9: 63770 | F9: 185000 | G9: 2021 | H9: 2022
A10: 2008 | B10: F550 Small | C10: Dump Truck | D10: 6 | E10: 94478 | F10: 120000 | G10: Not Listed | H10: 2020
A11: 2013 | B11: F550 Small | C11: Dump Truck | D11: 7 | E11: 70284 | F11: 130000 | G11: 2023 | H11: 2021
A12: 2006 | B12: F350 Flat Bed | C12: Pick Up | D12: 8 | E12: 82657 | F12: 80000 | G12: 2021 | H12: 2021
A13: 2007 | B13: F150 | C13: Pick Up | D13: 30 | E13: 70112 | F13: 40000 | G13: Not Listed
A14: 2004 | B14: F550 Small | C14: Dump Truck | D14: 31 | E14: 113575 | F14: 100000 | G14: 2020 | H14: 2020
A15: 2011 | B15: John Deere | C15: Loader | E15: 1781 | F15: 250000 | G15: 2023 | H15: 2025
A16: 2014 | B16: New Holland | C16: Back Hoe | E16: 1245 Hrs. | F16: 200000 | G16: 2024 | H16: 2024
A17: 1995 | B17: Champion | C17: Grader | E17: 5272 Hrs. | F17: 300000 | G17: 2020 | H17: 2023
A18: 1989 | B18: Bombardier Side Walk | C18: Plow | E18: 2082 | F18: 100000 | G18: 2023 | H18: 2023
A19: 1995 | B19: Trackless Side Walk | C19: Plow | E19: 3126 | F19: 100000 | G19: Not Listed | H19: 2026
A20: 1993 | B20: Bandit Chipper | C20: Chipper | E20: 200 Hrs. | F20: 70000 | G20: 2020 | H20: 2022
A21: Total | F21: =SUM(F5:F20) -> 2280000
B22: Note: $20,000 is the cost of the spreader for the International Dump Trucks. 165,000 is the base cost. For the F550 Small the base cost is 120,000 and the extra 10,000 is for the expansion of the Cab to allow for safety equipment and plowing wings.

Sheet DPW Facilities
A2: Ignore routine facility maintenance/replacement items, which should be in your General Fund operating expense budget.
A3: Please use amounts in even dollars; do not round to nearest thousand. Use notes to expand information when necessary.
A4: Note major changes from your prior budget. | I4: Items after 2026 over $50,000
A5: Item | B5: Comment/Purpose | C5: 2021 | D5: =C5+1 -> 2022 | E5: =D5+1 -> 2023 | F5: =E5+1 -> 2024 | G5: =F5+1 -> 2025 | H5: =G5+1 -> 2026 | I5: Item | J5: Amount
A6: DPW Roof | C6: 5000 | F6: 35000
A7: Minimal improvements to 120 Pine Street | C7: 5000 | D7: 5000 | I7: Further study deferred to 2022 Budget due to personnel change.
A8: Major Facility Upgrade | B8: TBD | E8: 10000 | F8: 500000
I11: TOTAL
B12: Totals | C12: =SUM(C6:C11) -> 10000 | D12: =SUM(D6:D11) -> 5000 | E12: =SUM(E6:E11) -> 10000 | F12: =SUM(F6:F11) -> 535000 | G12: =SUM(G6:G11) -> 0 | H12: =SUM(H6:H11) -> 0 | I12: =SUM(C12:H12) -> 560000
B14: 2020 Contribution | C14: 0
B16: Balance, Sept. 30, 2020 | C16: 98000 | D16: =C21 -> 85000 | E16: =D21 -> 77000 | F16: =E21 -> 64000 | G16: =F21 -> 26000 | H16: =G21 -> 23000
B17: Late 2020 Disbursements | C17: -3000 | D17: =C17 -> -3000 | E17: =D17 -> -3000 | F17: =E17 -> -3000 | G17: =F17 -> -3000 | H17: =G17 -> -3000
B18: CIP Cash Contributions | C18: 0 | D18: =C18 -> 0 | E18: 0 | F18: =E18 -> 0 | G18: =F18 -> 0 | H18: =G18 -> 0
B19: Bonding | C19: 0 | D19: 0 | E19: 0 | F19: 500000 | G19: 0 | H19: 0
B20: Disbursements | C20: =-C12 -> -10000 | D20: =-D12 -> -5000 | E20: =-E12 -> -10000 | F20: =-F12 -> -535000 | G20: =-G12 -> 0 | H20: =-H12 -> 0
B21: Balance, End of Year | C21: =SUM(C16:C20) -> 85000 | D21: =SUM(D16:D20) -> 77000 | E21: =SUM(E16:E20) -> 64000 | F21: =SUM(F16:F20) -> 26000 | G21: =SUM(G16:G20) -> 23000 | H21: =SUM(H16:H20) -> 20000
E26: Bond | F26: =F19 -> 500000
E27: rate | F27: 0.05
E28: term | F28: 20
E29: debt serv | F29: =-PMT(F27,F28,F26) -> 40121.294

Sheet DPW Road Rehab
A2: Ignore routine facility maintenance/replacement items, which should be in your General Fund operating expense budget.
A3: Please use amounts in even dollars; do not round to nearest thousand. Use notes to expand information when necessary.
A4: Note major changes from your prior budget. | I4: Items after 2026 over $50,000
A5: Item | B5: Comment/Purpose | C5: 2021 | D5: =C5+1 -> 2022 | E5: =D5+1 -> 2023 | F5: =E5+1 -> 2024 | G5: =F5+1 -> 2025 | H5: =G5+1 -> 2026 | I5: Item | J5: Amount
A6: South Winchester Street | B6: Reconstruction/Repave (50% grant received) | C6: 610000
A7: West Street (east side) | B7: Reconstruction (50% grant received) | C7: 270000
A8: Swanzey Street | B8: Reconstruction (50% grant received) | C8: 70000
A9: Talbot Hill Road | B9: Reconstruction | C9: 400000 | D9: 100000
A10: Marcy Hill / Fox Run / Sugar Hill | B10: Reconstruction/Repave | E10: 375000 | F10: 375000
A11: North Winchester Street | B11: Reconstruction | G11: 250000 | H11: 250000
A12: Spring Street | B12: Reconstruction | I12: 2027 | J12: 250000
A13: Prospect Street | B13: Reconstruction | I13: 2027 | J13: 75000
A14: Christian Hill Road | B14: Reconstruction | H14: 500000
A15: California St. / California Brook Road | B15: Reconstruction | J15: Unknown
A16: Webber Hill | B16: Erosion -- Under Study | J16: Unknown
I17: TOTAL
A18: All items are inclusive of design costs. | B18: Totals | C18: =SUM(C6:C16) -> 1350000 | D18: =SUM(D6:D16) -> 100000 | E18: =SUM(E6:E16) -> 375000 | F18: =SUM(F6:F16) -> 375000 | G18: =SUM(G6:G16) -> 250000 | H18: =SUM(H6:H16) -> 750000 | I18: =SUM(C18:H18) -> 3200000 | J18: =SUM(J6:J16) -> 325000
I19: 6 | J19: yrs
B20: 2020 Contribution | C20: 150000 | I20: =I18/I19 -> 533333.33 | J20: Spend Rate
B22: Balance, Sept. 30, 2020 | C22: 298000 | D22: =C30 -> 14000 | E22: =D30 -> 164000 | F22: =E30 -> 164000 | G22: =F30 -> 104000 | H22: =G30 -> 154000 | J22: =H30 -> 29000
B23: Late 2020 Disbursements | C23: -10000 | D23: 0 | E23: 0 | F23: 0 | G23: 0 | H23: 0 | J23: 0
B24: CIP Cash Contributions | C24: 200000 | D24: 250000 | E24: 300000 | F24: 300000 | G24: =F24 -> 300000 | H24: =G24 -> 300000 | J24: =H24*1 -> 300000
B25: Snow Sidewalk Fund | C25: 165000 | D25: 0 | E25: 0 | F25: 0 | G25: 0 | H25: 75000 | J25: 100000
B26: Northern Counties Grant (see above) | C26: 475000 | D26: 0 | E26: 0 | F26: 0 | G26: 0 | H26: 0 | J26: 0
B27: MAST Grant (Sidewalks) | C27: 36000 | D27: 0 | E27: 0 | F27: 0 | G27: 0 | H27: 0 | J27: 0
B28: Use of Muni Trans Funds | C28: 200000 | D28: 0 | E28: 75000 | F28: 15000 | G28: 0 | H28: 250000 | J28: 0
B29: Disbursements | C29: =-C18 -> -1350000 | D29: =-D18 -> -100000 | E29: =-E18 -> -375000 | F29: =-F18 -> -375000 | G29: =-G18 -> -250000 | H29: =-H18 -> -750000 | J29: =-J18 -> -325000
B30: Balance, End of Year | C30: =SUM(C22:C29) -> 14000 | D30: =SUM(D22:D29) -> 164000 | E30: =SUM(E22:E29) -> 164000 | F30: =SUM(F22:F29) -> 104000 | G30: =SUM(G22:G29) -> 154000 | H30: =SUM(H22:H29) -> 29000 | J30: =SUM(J22:J29) -> 104000
B31: Muni Trans Balance | C31: ='DPW Muni Trans & Snow SW Fd'!C18 -> 108000 | D31: ='DPW Muni Trans & Snow SW Fd'!D18 -> 158000 | E31: ='DPW Muni Trans & Snow SW Fd'!E18 -> 133000 | F31: ='DPW Muni Trans & Snow SW Fd'!F18 -> 168000 | G31: ='DPW Muni Trans & Snow SW Fd'!G18 -> 218000 | H31: ='DPW Muni Trans & Snow SW Fd'!H18 -> 18000 | I31: Critical Reserve | J31: =H31+(1*50000)-J28 -> 68000
B32: Snow Sidewalk Fund Balance | C32: ='DPW Muni Trans & Snow SW Fd'!C26 -> 108000 | D32: ='DPW Muni Trans & Snow SW Fd'!D26 -> 158000 | E32: ='DPW Muni Trans & Snow SW Fd'!E26 -> 283000 | F32: ='DPW Muni Trans & Snow SW Fd'!F26 -> 333000 | G32: ='DPW Muni Trans & Snow SW Fd'!G26 -> 383000 | H32: ='DPW Muni Trans & Snow SW Fd'!H26 -> 358000 | J32: =H32+(1*50000)-J25 -> 308000
A38: Steve - I should have added that for road reconstruction funding purposes I think it is safe to assume the road bond will be spent on projects this year and that currently held funds will be mostly
A39: spent matching grant funds for the South Winchester/West/Swanzey Street project. We're trying to close out the books on the Eaton Road project, which will provide more clarity and hopefully more funds/flexibility.
A40: We will be under budget, I'm just not sure how far under yet.

Sheet DPW Muni Trans & Snow SW Fd
A2: Ignore routine facility maintenance/replacement items, which should be in your General Fund operating expense budget.
A3: Please use amounts in even dollars; do not round to nearest thousand. Use notes to expand information when necessary.
A4: Note major changes from your prior budget. | I4: Items after 2026 over $50,000
A5: Item | B5: Comment/Purpose | C5: 2021 | D5: =C5+1 -> 2022 | E5: =D5+1 -> 2023 | F5: =E5+1 -> 2024 | G5: =F5+1 -> 2025 | H5: =G5+1 -> 2026 | I5: Item | J5: Amount
A6: Transfer to Road Rehab. | C6: ='DPW Road Rehab'!C28 -> 200000 | D6: ='DPW Road Rehab'!D28 -> 0 | E6: ='DPW Road Rehab'!E28 -> 75000 | F6: ='DPW Road Rehab'!F28 -> 15000 | G6: ='DPW Road Rehab'!G28 -> 0 | H6: ='DPW Road Rehab'!H28 -> 250000
A7: Transfer to Rail Trails | B7: Some funds may have to be allocated to the Rail Trails or other grant matches. | J7: ???
I11: TOTAL
B12: Totals | C12: =SUM(C6:C11) -> 200000 | D12: =SUM(D6:D11) -> 0 | E12: =SUM(E6:E11) -> 75000 | F12: =SUM(F6:F11) -> 15000 | G12: =SUM(G6:G11) -> 0 | H12: =SUM(H6:H11) -> 250000 | I12: =SUM(C12:H12) -> 540000
B14: Muni Trans:
B15: Balance, Sept. 30, 2020 | C15: 258000 | D15: =C18 -> 108000 | E15: =D18 -> 158000 | F15: =E18 -> 133000 | G15: =F18 -> 168000 | H15: =G18 -> 218000
B16: Contributions | C16: 50000 | D16: 50000 | E16: =D16 -> 50000 | F16: =E16 -> 50000 | G16: =F16 -> 50000 | H16: =G16 -> 50000 | I16: Via MV Reg. Fees
B17: Disbursements | C17: =-C12 -> -200000 | D17: =-D12 -> 0 | E17: =-E12 -> -75000 | F17: =-F12 -> -15000 | G17: =-G12 -> 0 | H17: =-H12 -> -250000
B18: Balance, End of Year | C18: =SUM(C15:C17) -> 108000 | D18: =SUM(D15:D17) -> 158000 | E18: =SUM(E15:E17) -> 133000 | F18: =SUM(F15:F17) -> 168000 | G18: =SUM(G15:G17) -> 218000 | H18: =SUM(H15:H17) -> 18000
B20: Snow Sidewalk Fund:
B21: Balance, Sept. 30, 2020 | C21: 223000 | D21: =C26 -> 108000 | E21: =D26 -> 158000 | F21: =E26 -> 283000 | G21: =F26 -> 333000 | H21: =G26 -> 383000
B22: Income | C22: 50000 | D22: =C22 -> 50000 | E22: =D22 -> 50000 | F22: =E22 -> 50000 | G22: =F22 -> 50000 | H22: =G22 -> 50000
B23: Disbursements:
B24: Plow Tractor | C24: 0 | D24: 0 | E24: ='DPW-CEM Equip'!E29 -> 75000 | F24: =-'DPW-CEM Equip'!F29 -> 0 | G24: 0 | H24: 0
B25: Sidewalks | C25: =-'DPW Road Rehab'!C25 -> -165000 | D25: =-'DPW Road Rehab'!D25 -> 0 | E25: =-'DPW Road Rehab'!E25 -> 0 | F25: =-'DPW Road Rehab'!F25 -> 0 | G25: =-'DPW Road Rehab'!G25 -> 0 | H25: =-'DPW Road Rehab'!H25 -> -75000
B26: Balance, End of Year | C26: =SUM(C21:C25) -> 108000 | D26: =SUM(D21:D25) -> 158000 | E26: =SUM(E21:E25) -> 283000 | F26: =SUM(F21:F25) -> 333000 | G26: =SUM(G21:G25) -> 383000 | H26: =SUM(H21:H25) -> 358000

Sheet DPW Road Maint. - MEMO
A2: Ignore routine facility maintenance/replacement items, which should be in your General Fund operating expense budget.
A3: Please use amounts in even dollars; do not round to nearest thousand. Use notes to expand information when necessary.
A4: Note major changes from your prior budget. | I4: Items after 2026 over $50,000
A5: Item | B5: Comment/Purpose | C5: 2021 | D5: =C5+1 -> 2022 | E5: =D5+1 -> 2023 | F5: =E5+1 -> 2024 | G5: =F5+1 -> 2025 | H5: =G5+1 -> 2026 | I5: Item | J5: Amount
A6: Birch (AKA Massey) | B6: Repave & improve drainage | C6: 100000
A7: Denman Thompson | B7: Repave | C7: 85000
A8: Morningside | B8: Repave | C8: 22000
A9: Hutch | B9: Repave | C9: 28000
A10: Cross | B10: Repave | D10: 12000
A11: Davis | B11: Repave | D11: 35000
A12: Sawmill | B12: Chip seal / micro surface | D12: 17000 | I12: GENERAL FUND MAINTENANCE - NOT CAPITAL BUDGET FOR INFORMATION ONLY
A13: Westbrook | B13: Chip seal / micro surface | D13: 29000
A14: Taft | B14: Chip seal / micro surface | D14: 35000
A15: Aldrich | B15: Chip seal / micro surface | D15: 25000
A16: Joslin | B16: Repave | D16: 30000
A17: Day | B17: Repave | D17: 35000
A18: Ridge | B18: Repave | D18: 40000
A19: Cram Hill | B19: Repave | E19: 100000
A20: Pebble Hill | B20: Repave | E20: 80000
A21: Dunn Hill | B21: Repave | E21: 56000
A22: West (west of Rt 10) | B22: Repave | F22: 250000
A23: Arrowcrest | B23: Repave | G23: 46000
A24: Forest | B24: Chip seal / micro surface | G24: 65000
A25: TBD | B25: Repave / Chip Seal / Micro Surface | G25: 110000 | H25: 250000
A26: Supplies DPW (NEW) | C26: 15000 | D26: 15000 | E26: 15000 | F26: 15000 | G26: 15000 | H26: 15000
I27: TOTAL
B28: Totals | C28: =SUM(C6:C26) -> 250000 | D28: =SUM(D6:D26) -> 273000 | E28: =SUM(E6:E26) -> 251000 | F28: =SUM(F6:F26) -> 265000 | G28: =SUM(G6:G26) -> 236000 | H28: =SUM(H6:H26) -> 265000 | I28: =SUM(C28:H28) -> 1540000 | J28: =SUM(J6:J19) -> 0
H30: 2020 Budget | I30: 1410000

Sheet DPW Sidewalks
A2: Ignore routine facility maintenance/replacement items, which should be in your General Fund operating expense budget. | I2: NEW FUND
A3: Please use amounts in even dollars; do not round to nearest thousand. Use notes to expand information when necessary.
A4: Note major changes from your prior budget. | I4: Items after 2026 over $50,000
A5: Item | B5: Comment/Purpose | C5: 2021 | D5: =C5+1 -> 2022 | E5: =D5+1 -> 2023 | F5: =E5+1 -> 2024 | G5: =F5+1 -> 2025 | H5: =G5+1 -> 2026 | I5: Item | J5: Amount
A6: Sidewalk Expansions | B6: From existing Sawyers Crossing sidewalk to Cresson Covered Bridge | D6: 50000
A7: Sidewalk Expansions | B7: From existing Rt. 32 sidewalk north past post office towards Swanzey Neighbors store | E7: 50000 | I7: Amounts are placeholders for future discussion only.
A8: Sidewalk Expansions | B8: Improvements to existing sidewalk system along Rt. 12 | F8: 50000
A9: Sidewalk Expansions | B9: Improvements to existing sidewalk system along Rt. 12 | G9: 50000
A10: Sidewalk Expansions | B10: Improvements to existing sidewalk system along Rt. 12 | H10: 50000
I12: TOTAL
B13: Totals | C13: =SUM(C6:C12) -> 0 | D13: =SUM(D6:D12) -> 50000 | E13: =SUM(E6:E12) -> 50000 | F13: =SUM(F6:F12) -> 50000 | G13: =SUM(G6:G12) -> 50000 | H13: =SUM(H6:H12) -> 50000 | I13: =SUM(C13:H13) -> 250000 | J13: =SUM(J6:J12) -> 0
A14: All projects assume other grant funds to help offset costs and numbers are likely low.
B15: 2020 Contribution | C15: 0
B17: Balance, 2020 | C17: 0 | D17: =C23 -> 51000 | E17: =D23 -> 36000 | F17: =E23 -> 21000 | G17: =F23 -> 6000 | H17: =G23 -> -9000
B18: CIP Cash Contributions | C18: 10000 | D18: 10000 | E18: 10000 | F18: =E18 -> 10000 | G18: =F18 -> 10000 | H18: =G18 -> 10000 | I18: This fund covers sidewalks not eligible for the Snow (West Swz) Sidewalk Fund.
B19: Financing | C19: 0 | D19: 0 | E19: 0 | F19: 0 | G19: 0 | H19: 0
B20: Grants | C20: 41000 | D20: 25000 | E20: 25000 | F20: 25000 | G20: 25000 | H20: 25000
B21: Other | C21: 0 | D21: 0 | E21: 0 | F21: 0 | G21: 0 | H21: 0
B22: Disbursements | C22: =-C13 -> 0 | D22: =-D13 -> -50000 | E22: =-E13 -> -50000 | F22: =-F13 -> -50000 | G22: =-G13 -> -50000 | H22: =-H13 -> -50000
B23: Balance, End of Year | C23: =SUM(C17:C22) -> 51000 | D23: =SUM(D17:D22) -> 36000 | E23: =SUM(E17:E22) -> 21000 | F23: =SUM(F17:F22) -> 6000 | G23: =SUM(G17:G22) -> -9000 | H23: =SUM(H17:H22) -> -24000

Sheet DPW Town Dams
A2: Ignore routine facility maintenance/replacement items, which should be in your General Fund operating expense budget.
A3: Please use amounts in even dollars; do not round to nearest thousand. Use notes to expand information when necessary.
A4: Note major changes from your prior budget. | I4: Items after 2026 over $50,000
A5: Item | B5: Purpose | C5: 2021 | D5: =C5+1 -> 2022 | E5: =D5+1 -> 2023 | F5: =E5+1 -> 2024 | G5: =F5+1 -> 2025 | H5: =G5+1 -> 2026 | I5: Item | J5: Amount
A6: Upper Wilson Pond Dam | B6: Engineering (35% Town, 65% FEMA) | C6: 35000
A7: Upper Wilson Pond Dam | B7: Improvements (35% Town, 65% FEMA) | D7: 200000 | I7: SUBJECT TO GRANT RECEIPT
A8: Swanzey Lake Dam | B8: Repair. DES is requiring that we engage a consultant to review the dam and assess its condition by 8/2022, and if repairs are warranted make them by 9/2024. Cost is a guess at this point. | I8: 150000
I10: TOTAL
B11: Totals | C11: =SUM(C6:C10) -> 35000 | D11: =SUM(D6:D10) -> 200000 | E11: =SUM(E6:E10) -> 0 | F11: =SUM(F6:F10) -> 0 | G11: =SUM(G6:G10) -> 0 | H11: =SUM(H6:H10) -> 0 | I11: =SUM(C11:H11) -> 235000 | J11: =SUM(J7:J10) -> 0
B13: 2020 Contribution | C13: 10000
B15: Balance, Sept. 30, 2020 | C15: 158000 | D15: =C21 -> 133000 | E15: =D21 -> 8000 | F15: =E21 -> 18000 | G15: =F21 -> 28000 | H15: =G21 -> 38000
B16: CIP Cash Contributions | C16: 10000 | D16: =C16 -> 10000 | E16: =D16 -> 10000 | F16: =E16 -> 10000 | G16: =F16 -> 10000 | H16: =G16 -> 10000
B17: State/Federal Funding | C17: 0 | D17: 0 | E17: 0 | F17: 0 | G17: 0 | H17: 0
B18: FEMA Grant | C18: 0 | D18: 65000 | E18: 0 | F18: 0 | G18: 0 | H18: 0
B19: Bonding | C19: 0 | D19: 0 | E19: 0 | F19: 0 | G19: 0 | H19: 0 | I19: Combine with another project.
B20: Disbursements | C20: =-C11 -> -35000 | D20: =-D11 -> -200000 | E20: =-E11 -> 0 | F20: =-F11 -> 0 | G20: =-G11 -> 0 | H20: =-H11 -> 0
B21: Balance, End of Year | C21: =SUM(C15:C20) -> 133000 | D21: =SUM(D15:D20) -> 8000 | E21: =SUM(E15:E20) -> 18000 | F21: =SUM(F15:F20) -> 28000 | G21: =SUM(G15:G20) -> 38000 | H21: =SUM(H15:H20) -> 48000
C28: Bond | D28: =#REF! -> #REF!
C29: rate | D29: 0.035
C30: term | D30: 10
C31: debt serv | D31: =-PMT(D29,D30,D28) -> #REF!

Sheet DPW Bridges
A2: Ignore routine facility maintenance/replacement items, which should be in your General Fund operating expense budget.
A3: Please use amounts in even dollars; do not round to nearest thousand. Use notes to expand information when necessary.
A4: Note major changes from your prior budget. | I4: Items after 2026 over $50,000
A5: Item | B5: Purpose | C5: 2021 | D5: =C5+1 -> 2022 | E5: =D5+1 -> 2023 | F5: =E5+1 -> 2024 | G5: =F5+1 -> 2025 | H5: =G5+1 -> 2026 | I5: Item | J5: Amount
A6: Christian Hill Road | B6: Reconstruction * | F6: 225000
A7: Forest Avenue | B7: Upsize culvert that is undersized, likely resulting in bridge classification. Costs preliminary. * | G7: 150000 | K7: 630,000 Total est.
A8: California Brook Road | B8: Upsize culvert that is undersized, likely resulting in bridge classification. Costs preliminary and grants are being explored. * | H8: 150000 | K8: 730,000 Total est.
A9: Denman Thompson (Steel) | B9: Replace Decking | J9: 30000
B10: * Town portion only | I10: TOTAL
B11: Totals | C11: =SUM(C6:C10) -> 0 | D11: =SUM(D6:D10) -> 0 | E11: =SUM(E6:E10) -> 0 | F11: =SUM(F6:F10) -> 225000 | G11: =SUM(G6:G10) -> 150000 | H11: =SUM(H6:H10) -> 150000 | I11: =SUM(C11:H11) -> 525000 | J11: =SUM(J6:J10) -> 30000
A12: * Estimated net of state/federal funding. | I12: 6 | J12: yrs.
I13: =I11/I12 -> 87500
B14: 2020 Contribution | C14: 40000
B16: Balance, September 30, 2020 | C16: 104000 | D16: =C22 -> 120000 | E16: =D22 -> 160000 | F16: =E22 -> 210000 | G16: =F22 -> 35000 | H16: =G22 -> -15000
B17: Late 2020 Disbursements | C17: -24000 | D17: 0 | E17: 0 | F17: 0 | G17: 0 | H17: 0 | I17: Christan Hill Engineering
B18: CIP Cash Contributions | C18: 40000 | D18: =C18 -> 40000 | E18: 50000 | F18: =E18 -> 50000 | G18: =F18 -> 50000 | H18: =G18 -> 50000
B19: Grants | C19: 0 | D19: 0 | E19: 0 | F19: 0 | G19: 50000 | H19: 50000
B20: Bonding | C20: 0 | D20: 0 | E20: 0 | F20: 0 | G20: 0 | H20: 0
B21: Disbursements | C21: =-C11 -> 0 | D21: =-D11 -> 0 | E21: =-E11 -> 0 | F21: =-F11 -> -225000 | G21: =-G11 -> -150000 | H21: =-H11 -> -150000
B22: Balance, End of Year | C22: =SUM(C16:C21) -> 120000 | D22: =SUM(D16:D21) -> 160000 | E22: =SUM(E16:E21) -> 210000 | F22: =SUM(F16:F21) -> 35000 | G22: =SUM(G16:G21) -> -15000 | H22: =SUM(H16:H21) -> -65000

Sheet DPW Covered Br
A2: Ignore routine facility maintenance/replacement items, which should be in your General Fund operating expense budget.
A3: Please use amounts in even dollars; do not round to nearest thousand. Use notes to expand information when necessary.
A4: Note major changes from your prior budget. | I4: Items after 2026 over $50,000
A5: Item | B5: Purpose | C5: 2021 | D5: =C5+1 -> 2022 | E5: =D5+1 -> 2023 | F5: =E5+1 -> 2024 | G5: =F5+1 -> 2025 | H5: =G5+1 -> 2026 | I5: Item | J5: Amount
A6: Thompson Bridge | B6: Painting | C6: 30000
A7: Carlton Bridge | B7: Replace Decking | D7: 20000
A8: Cresson Bridge | B8: Replace Decking | E8: 30000
A9: Slate Bridge | B9: Replace Decking | G9: 30000
I11: TOTAL
B12: Totals | C12: =SUM(C6:C11) -> 30000 | D12: =SUM(D6:D11) -> 20000 | E12: =SUM(E6:E11) -> 30000 | F12: =SUM(F6:F11) -> 0 | G12: =SUM(G6:G11) -> 30000 | H12: =SUM(H6:H11) -> 0 | I12: =SUM(C12:H12) -> 110000 | J12: =SUM(J6:J11) -> 0
I13: 6 | J13: yrs.
I14: =I12/I13 -> 18333.333
B16: 2020 Contribution | C16: 5000
B18: Balance, September 30, 2020 | C18: 95000 | D18: =C21 -> 70000 | E18: =D21 -> 55000 | F18: =E21 -> 30000 | G18: =F21 -> 35000 | H18: =G21 -> 10000
B19: CIP Cash Contributions | C19: 5000 | D19: 5000 | E19: 5000 | F19: 5000 | G19: 5000 | H19: 5000
B20: Disbursements | C20: =-C12 -> -30000 | D20: =-D12 -> -20000 | E20: =-E12 -> -30000 | F20: =-F12 -> 0 | G20: =-G12 -> -30000 | H20: =-H12 -> 0
B21: Balance, End of Year | C21: =SUM(C18:C20) -> 70000 | D21: =SUM(D18:D20) -> 55000 | E21: =SUM(E18:E20) -> 30000 | F21: =SUM(F18:F20) -> 35000 | G21: =SUM(G18:G20) -> 10000 | H21: =SUM(H18:H20) -> 15000

Sheet EM Fac & Com
A2: Ignore routine facility maintenance/replacement items, which should be in your General Fund operating expense budget.
A3: Please use amounts in even dollars; do not round to nearest thousand. Use notes to expand information when necessary.
A4: Note major changes from your prior budget. | I4: Items after 2026 over $50,000
A5: Item | B5: Purpose | C5: 2021 | D5: =C5+1 -> 2022 | E5: =D5+1 -> 2023 | F5: =E5+1 -> 2024 | G5: =F5+1 -> 2025 | H5: =G5+1 -> 2026 | I5: Item | J5: Amount
A6: EM Facilities: | J6: 0
A7: Town Hall Generator | C7: 20000
A8: E-Communications:
A9: Fire - Portable & mobile radios: | B9: Replace all department radios - Communication ETF | I9: Portable radio mfg. service terminates in 2021
A10: Portable APX 6000 - 32 units @ $1,950 | B10: General Use | C10: =1950*8 -> 15600 | D10: =1950*8 -> 15600 | E10: =1950*8 -> 15600 | F10: =1950*8 -> 15600 | N10: are these prices after discount? | P10: Extension | Q10: Budget
A11: Portable APX 8000 - 6 units @ $3,600 | B11: Command dual bands | C11: =3600*2 -> 7200 | D11: =3600*2 -> 7200 | E11: =3600*2 -> 7200 | L11: FD Radios Option 1 | M11: Motorola APX 8000 x10 | N11: $3,600 per radio | O11: Officers only this year, 40% Discount | P11: =10*3600 -> 36000 | Q11: 33000
A12: Mobile APX 8000 - 4 units @3,300 * | B12: Command dual bands | C12: =3300*2 -> 6600 | E12: =3300*2 -> 6600
A13: Base Stations (3) | B13: TBD | I13: Need for dual bands TBD | J13: 21000 | L13: FD Radios Option 2 | M13: Motorola APX 6000 x10 | N13: $1,936 per radio | O13: Officers only this year, 40% Discount | P13: =10*1936 -> 19360 | Q13: 33000
A14: Repeaters (2) | B14: TBD | J14: 20000
A15: Police - Portable Radios | D15: 15000 | E15: 15000 | L15: FD Radios Option 3 | M15: APX 8000* x4, 6000**x6 | O15: 8000s for Chiefs, 6000s for Captains and Lts. | P15: =6*1936+4*3600 -> 26016 | Q15: 33000
I16: TOTAL | M16: Before we had 6000s and 4000s; what is the 8000?
A17: * New vehicle costs should include radios. | B17: Totals | C17: =SUM(C6:C16) -> 49400 | D17: =SUM(D7:D16) -> 37800 | E17: =SUM(E6:E16) -> 44400 | F17: =SUM(F6:F16) -> 15600 | G17: =SUM(G6:G16) -> 0 | H17: =SUM(H6:H16) -> 0 | I17: =SUM(C17:H17) -> 147200 | J17: =SUM(J6:J16) -> 41000 | M17: Do we still need 40 4000 units?
I18: 6 | J18: yrs.
A19: 2020 Contributions: | B19: EM Facilities | C19: 0 | I19: =I17/I18 -> 24533.333
B20: EM Communications | C20: 5000
B22: EM Facilities:
B23: Balance, September 30, 2020 | C23: 42000 | D23: =C26 -> 22000 | E23: =D26 -> 22000 | F23: =E26 -> 22000 | G23: =F26 -> 22000 | H23: =G26 -> 22000
B24: CIP Cash Contributions | C24: 0 | D24: =C24 -> 0 | E24: =D24 -> 0 | F24: =E24 -> 0 | G24: =F24 -> 0 | H24: 0
B25: Expenditures | C25: =-C7 -> -20000 | D25: 0 | E25: =-E6 -> 0 | F25: =-F6 -> 0 | G25: =-G6 -> 0 | H25: =-H6 -> 0
B26: Ending Balance | C26: =SUM(C23:C25) -> 22000 | D26: =SUM(D23:D25) -> 22000 | E26: =SUM(E23:E25) -> 22000 | F26: =SUM(F23:F25) -> 22000 | G26: =SUM(G23:G25) -> 22000 | H26: =SUM(H23:H25) -> 22000
B27: Emergency Communications:
B28: Balance, September 30, 2020 | C28: 109000 | D28: =C32 -> 69600 | E28: =D32 -> 41800 | F28: =E32 -> 7400 | G28: =F32 -> 1800 | H28: =G32 -> 11800
B29: Grants | C29: 0 | D29: 0 | E29: 0 | F29: =0.5*F9 -> 0 | G29: 0 | H29: 0
B30: CIP Cash Contributions | C30: 10000 | D30: =C30 -> 10000 | E30: =D30 -> 10000 | F30: =E30 -> 10000 | G30: =F30 -> 10000 | H30: =G30 -> 10000
B31: Expenditures | C31: =-SUM(C17) -> -49400 | D31: =-SUM(D9:D16) -> -37800 | E31: =-SUM(E9:E16) -> -44400 | F31: =-SUM(F9:F16) -> -15600 | G31: =-SUM(G9:G16) -> 0 | H31: =-SUM(H9:H16) -> 0
B32: Ending Balance | C32: =SUM(C28:C31) -> 69600 | D32: =SUM(D28:D31) -> 41800 | E32: =SUM(E28:E31) -> 7400 | F32: =SUM(F28:F31) -> 1800 | G32: =SUM(G28:G31) -> 11800 | H32: =SUM(H28:H31) -> 21800

Sheet Fire Trucks
A2: Ignore routine facility maintenance/replacement items, which should be in your General Fund operating expense budget.
A3: Please use amounts in even dollars; do not round to nearest thousand. Use notes to expand information when necessary.
A4: Note major changes from your prior budget. | I4: Items after 2026 over $50,000
A5: Item | B5: Purpose | C5: 2021 | D5: =C5+1 -> 2022 | E5: =D5+1 -> 2023 | F5: =E5+1 -> 2024 | G5: =F5+1 -> 2025 | H5: =G5+1 -> 2026 | I5: Item | J5: Amount
A6: GMC 2500 | B6: Additional vehicle forCapt./Fire and Safety Inspector, which is old Squad 3 that was to be replaced by the ambulance | G6: See Fire Fleet Tab | I6: Purchased in 2020
A7: Yukon | B7: Replacement for Squad 1 | F7: 75000 | I7: See Comments re. Proposed Change in Fund Use
A8: Replace OHRV | B8: Replace Ranger | F8: 30000
A9: Engine 2 (2000) Replacement (Demo Model) | B9: New would be combo Engine and Heavy Rescue, enabling retirement of 2000 Rescue 1. Includes $100K of n ew other equipment. | E9: 600000 | I9: Bond Vote in 2022
A10: Heavy Rescue | B10: Replace Rescue 1 (2000) | I10: Replaced by dual-use new Engine 2
A11: Ladder Truck Replacement | B11: Replace ladder truck (2000) with used replacement | H11: 500000 | I11: Bond Vote in 2025
A12: Water Rescue Trailer | H12: 10000
A13: Yukon | B13: Replacement for Car 1 (Command Unit) | H13: 75000
A14: Ambulance | I14: Future service status unknown | J14: 300000
I15: TOTAL
B16: Totals | C16: =SUM(C6:C13) -> 0 | D16: =SUM(D6:D13) -> 0 | E16: =SUM(E6:E13) -> 600000 | F16: =SUM(F6:F13) -> 105000 | G16: =SUM(G6:G13) -> 0 | H16: =SUM(H6:H13) -> 585000 | I16: =SUM(C16:H16) -> 1290000
B18: 2019 Contribution | C18: 5000
B20: Balance, September 30, 2020 | C20: 198000 | D20: =C27 -> 126000 | E20: =D27 -> 131000 | F20: =E27 -> 136000 | G20: =F27 -> 36000 | H20: =G27 -> 41000
B21: Late 2020 Disbursements | C21: -107000
B22: Ambulance Grant ($50K) | C22: 30000 | D22: 0 | E22: 0 | F22: 0 | G22: 0 | H22: 0 | I22: Amount Expended through 6/30/20
B23: CIP Cash Contributions | C23: 5000 | D23: =C23 -> 5000 | E23: =D23 -> 5000 | F23: =E23 -> 5000 | G23: =F23 -> 5000 | H23: =G23 -> 5000
B24: Bonding | C24: 0 | D24: 0 | E24: 600000 | F24: 0 | G24: 0 | H24: 500000
B25: Grants | C25: 0 | D25: 0 | E25: 0 | F25: 0 | G25: 0 | H25: 0
B26: Disbursements | C26: =-C16 -> 0 | D26: =-D16 -> 0 | E26: =-E16 -> -600000 | F26: =-F16 -> -105000 | G26: =-G16 -> 0 | H26: =-H16 -> -585000
B27: Balance, End of Year | C27: =SUM(C20:C26) -> 126000 | D27: =SUM(D20:D26) -> 131000 | E27: =SUM(E20:E26) -> 136000 | F27: =SUM(F20:F26) -> 36000 | G27: =SUM(G20:G26) -> 41000 | H27: =SUM(H20:H26) -> -39000
A29: Bonds:
A30: Engine | F30: =F24 -> 0 | G30: =G24 -> 0 | H30: =H24 -> 500000
F31: 20 | G31: 20 | H31: 20
F32: 0.05 | G32: 0.05 | H32: 0.05
F33: =PMT(F32,F31,F30) -> 0 | G33: =PMT(G32,G31,G30) -> 0 | H33: =PMT(H32,H31,H30) -> -40121.294

Sheet Fire Fleet
A4: Year | B4: Make/Model | C4: Type | D4: ID # | E4: Miles / Hours | F4: Estimated Replacement Cost (2020) | G4: CICP Recommended Replacement Year | H4: Department Recommended Replacement Year
A5: 2008 | B5: Engine 1 | C5: Engine | E5: 14360 Miles | F5: 700000 | G5: Not Listed | H5: 2028
A6: 2001 | B6: Engine 2 | C6: Engine | E6: 36504Miles 2934Hours | F6: 700000 | G6: 2025 | H6: -
A7: 2019 | B7: Engine 3 | C7: Engine | E7: 5468 Miles 145 Hours | F7: 700000 | G7: Not Listed | H7: 2040
A8: 2000 | B8: Ladder Truck | C8: Ladder | E8: 107223 Miles 1548 Hours | F8: 750000 | G8: >2025 | H8: -
A9: 2014 | B9: Water Rescue Trailer | C9: Trailer | E9: N/A | F9: 10000 | G9: 2026 | H9: -
A10: 2013 | B10: Squad 1 Yukon | C10: Truck | E10: 21159 Miles | F10: 60000 | G10: 2026 | H10: -
A11: 2016 | B11: Car 1 Yukon | C11: Truck | E11: 35639 Miles | F11: 60000 | G11: 2028 | H11: -
A12: 2011 | B12: Squad 3 Yukon | C12: Truck | E12: 86917 Miles | F12: 60000 | G12: 2020 | H12: -
A13: 1985 | B13: Brush Truck | C13: Brush Truck | E13: 7093 Miles | F13: 150000 | G13: 2020 | H13: -
A14: 2010 | B14: Ranger W/Trailer | C14: OHRV | E14: 554 Miles 69.7 Hours | F14: 30000 | G14: 2024 | H14: -
A15: 2010 | B15: Tanker 1 | C15: Tanker | E15: 11302 Miles | F15: 300000 | G15: Not Listed | H15: -
A16: 2015 | B16: Boat W/Trailer | C16: Boat | E16: N/A | F16: 300000 | G16: Not Listed | H16: -
A17: 2000 | B17: Rescue 1 | C17: Truck | E17: 21265 Miles 2098 Hours | F17: 400000 | G17: Not Listed | H17: -
A18: Total | F18: =SUM(F7:F17) -> 2820000

Sheet Fire Ponds
A2: Ignore routine facility maintenance/replacement items, which should be in your General Fund operating expense budget.
A3: Please use amounts in even dollars; do not round to nearest thousand. Use notes to expand information when necessary.
A4: Note major changes from your prior budget. | I4: Items after 2026 over $50,000
A5: Item | B5: Purpose | C5: 2021 | D5: =C5+1 -> 2022 | E5: =D5+1 -> 2023 | F5: =E5+1 -> 2024 | G5: =F5+1 -> 2025 | H5: =G5+1 -> 2026 | I5: Item | J5: Amount
A6: Arrowcrest Drive Fire Pond | B6: Dredge existing wetland and install dry hyrdrants | E6: 80000
A7: Old Homestead Highway & Martin Brook Dry Hydrant | B7: Install dry hydrant in conjunction with NH DOT reconstruction of Martin Brook bridge | D7: 15000
A8: MRHS Dry Hydrants | B8: Replace 2 existing dry hydrants and complete dredging, if needed | F8: 30000
A9: Sawmill Drive Dry Hydrants | B9: Replace 2 existing dry hydrants and complete dredging, if needed | G9: 30000
A10: 544 Monadnock Highway Fire Pond | B10: Dredge existing wetland and install dry hyrdrants | H10: 80000
A11: Whittemore Farm Road Fire Pond | B11: Construct fire pond and install dry hyrdrants | J11: 90000
I12: TOTAL
B13: Totals | C13: =SUM(C6:C12) -> 0 | D13: =SUM(D6:D12) -> 15000 | E13: =SUM(E6:E12) -> 80000 | F13: =SUM(F6:F12) -> 30000 | G13: =SUM(G6:G12) -> 30000 | H13: =SUM(H6:H12) -> 80000 | I13: =SUM(C13:H13) -> 235000 | J13: =SUM(J6:J12) -> 90000
I14: 6
B15: 2020 Contribution | C15: 25000 | I15: =I13/I14 -> 39166.667
B17: Balance, September 30, 2020 | C17: 53000 | D17: =C23 -> 21000 | E17: =D23 -> 36000 | F17: =E23 -> -14000 | G17: =F23 -> -14000 | H17: =G23 -> 36000
B18: 2020 Remaining | C18: -52000 | D18: 0 | E18: 0 | F18: 0 | G18: 0 | H18: 0
B19: CIP Cash Contributions | C19: 20000 | D19: 30000 | E19: =D19 -> 30000 | F19: =E19 -> 30000 | G19: =F19 -> 30000 | H19: =G19 -> 30000
B20: Grants | C20: 0 | D20: 0 | E20: 0 | F20: 0 | G20: 25000 | H20: 25000
B21: Private Contributions | C21: 0 | D21: 0 | E21: 0 | F21: 0 | G21: 25000 | H21: 35000
B22: Disbursements | C22: =-C13 -> 0 | D22: =-D13 -> -15000 | E22: =-E13 -> -80000 | F22: =-F13 -> -30000 | G22: =-G13 -> -30000 | H22: =-H13 -> -80000
B23: Balance, End of Year | C23: =SUM(C17:C22) -> 21000 | D23: =SUM(D17:D22) -> 36000 | E23: =SUM(E17:E22) -> -14000 | F23: =SUM(F17:F22) -> -14000 | G23: =SUM(G17:G22) -> 36000 | H23: =SUM(H17:H22) -> 46000

Sheet Pond Comments
A2: Memorandum – Office of Planning & Economic Development
A4: Eric Mattson and Andy Fisher of the Fire Department, Mike Jasmin, and I have been discussing recommendations for the Fire Pond budget in the Capital Improvement Program based on the 2010 Rural Fire Water Resource Plan and improvements that have already been completed since then. We are recommending 6 projects with a total estimated cost of $325,000. These projects were selected because of proximity to high population residential areas and commercial corridors where there is inadequate water supply. In addition to providing coverage for existing properties, investment in fire pond infrastructure along Routes 10 and 12 will help support new development that might not otherwise happen due to inadequate water resources for fire suppression.
A6: · Arrowcrest Drive and Martin Brook Bridge (2022): dredging existing wetland on Arrowcrest Drive to provide sufficient water supply and installing dry hydrants. This project would help provide coverage for the residential neighborhoods on Marcy Hill Road and Arrowcrest Drive as well as commercial properties on Route 12. NH DOT will be reconstructing the Martin Brook Bridge on Old Homestead Highway in 2022 and we hope to coordinate with them to have a dry hydrant installed as part of that project.
A7: · Sawmill Drive & Monadnock Regional High School (2023): replace existing hydrants and complete dredging if needed. These would both be maintenance projects. These dry hydrants provide important coverage for residential neighborhoods in Swanzey Center, Monadnock Regional School District facilities, Town Hall, and Mt. Caesar Library.
A8: · 544 Monadnock Highway (2024): dredge existing wetland to provide sufficient water supply and installing dry hydrants. This project would help provide coverage for commercial properties on Route 12 in the area of Flat Roof Mill Road.
A9: · Whittemore Farm Road (2025): construct fire pond and install dry hydrants. This project would provide coverage for commercial properties in the areas of Route 10 and Base Hill/Whittemore Farm Roads.
A10: We anticipate the projects on Arrowcrest Drive, Sawmill Drive, and at the Martin Brook bridge and Monadnock High School would be entirely covered by the Town. Our goal is to pay for the fire ponds at 544 Monadnock Highway and on Whittemore Farm Road through a combination of CIP cash contributions, private contributions from benefitting property owners, and grant funds. We believe these projects may be eligible for federal economic development grant programs, such as USDA Rural Development and Northern Border Regional Commission.

Sheet Fire Tools
A2: Ignore routine facility maintenance/replacement items, which should be in your General Fund operating expense budget.
A3: Please use amounts in even dollars; do not round to nearest thousand. Use notes to expand information when necessary.
A4: Note major changes from your prior budget. | I4: Items after 2026 over $50,000
A5: Item | B5: Purpose | C5: 2021 | D5: =C5+1 -> 2022 | E5: =D5+1 -> 2023 | F5: =E5+1 -> 2024 | G5: =F5+1 -> 2025 | H5: =G5+1 -> 2026 | I5: Item | J5: Amount
A6: Gear Extractor | B6: Station 3 | C6: 5000
A7: Miscellaneous Equipment | B7: Various pieces of equipment for stations and apparatus, including major replacing hose | C7: 10000 | D7: 5000 | E7: 5000 | F7: 5000 | G7: 5000 | H7: 5000
A8: SCBA Filling Station & Compressor | C8: 45000
A9: SCBA Mobile Filling Station | B9: To be located in heavy rescue | C9: 25000 | I9: Other high cost replacements???
A10: Cardiac Monitor | B10: Lease | D10: 35000
A11: SCBAs | B11: Purchase 30 units at $7,750 | F11: 232500
I13: TOTAL
B14: Totals | C14: =SUM(C6:C13) -> 85000 | D14: =SUM(D6:D13) -> 40000 | E14: =SUM(E6:E13) -> 5000 | F14: =SUM(F6:F13) -> 237500 | G14: =SUM(G6:G13) -> 5000 | H14: =SUM(H6:H13) -> 5000 | I14: =SUM(C14:H14) -> 377500 | J14: =SUM(J6:J13) -> 0
B16: 2020 Contribution | C16: 20000
B18: Balance, September 30, 2020 | C18: 63000 | D18: =C24 -> -18250 | E18: =D24 -> -7250 | F18: =E24 -> -1500 | G18: =F24 -> 39125 | H18: =G24 -> 39875
B19: Late 2020 Disbursements | C19: -19000 | D19: 0 | E19: 0 | F19: 0 | G19: 0 | H19: 0
B20: CIP Cash Contributions | C20: 10000 | D20: =C20 -> 10000 | E20: =D20 -> 10000 | F20: =E20 -> 10000 | G20: 5000 | H20: =G20 -> 5000
B21: Grants - 15% of Costs | C21: =0.15*C14 -> 12750 | D21: =0.15*D14 -> 6000 | E21: =0.15*E14 -> 750 | F21: =0.15*F14 -> 35625 | G21: =0.15*G14 -> 750 | H21: =0.15*H14 -> 750
B22: Lease | C22: 0 | D22: =D10 -> 35000 | E22: 0 | F22: =F11 -> 232500 | G22: 0 | H22: 0
B23: Disbursements | C23: =-C14 -> -85000 | D23: =-D14 -> -40000 | E23: =-E14 -> -5000 | F23: =-F14 -> -237500 | G23: =-G14 -> -5000 | H23: =-H14 -> -5000
B24: Balance, End of Year | C24: =SUM(C18:C23) -> -18250 | D24: =SUM(D18:D23) -> -7250 | E24: =SUM(E18:E23) -> -1500 | F24: =SUM(F18:F23) -> 39125 | G24: =SUM(G18:G23) -> 39875 | H24: =SUM(H18:H23) -> 40625
B26: Lease: | D26: =D22 -> 35000 | F26: =F22 -> 232500 | H26: =H22 -> 0
C27: yrs | D27: 5 | F27: 7 | H27: 7
C28: rate | D28: 0.03 | F28: 0.035 | H28: 0.03
C29: D/S | D29: =PMT(D28,D27,D26) -> -7642.41 | F29: =PMT(F28,F27,F26) -> -38024.095 | H29: =PMT(H28,H27,H26) -> 0

Sheet Fire Sta CR
A2: Ignore routine facility maintenance/replacement items, which should be in your General Fund operating expense budget.
A3: Please use amounts in even dollars; do not round to nearest thousand. Use notes to expand information when necessary.
A4: Note major changes from your prior budget. | I4: Items after 2026 over $50,000
A5: Item | B5: Purpose | C5: 2021 | D5: =C5+1 -> 2022 | E5: =D5+1 -> 2023 | F5: =E5+1 -> 2024 | G5: =F5+1 -> 2025 | H5: =G5+1 -> 2026 | I5: Item | J5: Amount
A6: Station 3 new efficient heat system | C6: 12000
A7: Station 3 Roof replacement | C7: 53000
A8: Station 3 upstairs second means of egress | B8: Construct an enclosed second means of egress from the 2nd story | I8: Pending New Station 2 Decision | J8: 12000
A9: Station 1 Doors | J9: 35000
A10: Exhaust Treatment System | B10: Station 1 - grant may be available | E10: 50000 | I10: Soft Number
A11: Exhaust Treatment System | B11: Station 3 - grant may be available | E11: 50000 | I11: Soft Number
A12: A&E Work | B12: Stations 1 and 3 | D12: 10000 | I12: Pending
A13: Fire Suppression System in Station 3 | E13: 100000
A14: Station 2 | B14: Net Bond Funding | C14: 3000000 | I14: Reduced by $500,000
A15: Gold Property Demo * | B15: Includes decontamination | C15: 70000
I16: TOTAL
A17: * Reimburseable via bond. | B17: Totals | C17: =SUM(C6:C15) -> 3135000 | D17: =SUM(D6:D14) -> 10000 | E17: =SUM(E6:E14) -> 200000 | F17: =SUM(F6:F14) -> 0 | G17: =SUM(G6:G16) -> 0 | H17: =SUM(H6:H16) -> 0 | I17: =SUM(C17:H17) -> 3345000 | J17: =SUM(J6:J16) -> 47000
B19: 2020 Contribution | C19: 0
B21: Balance, September 30, 2020 | C21: 173000 | D21: =C28 -> 59500 | E21: =D28 -> 59500 | F21: =E28 -> -30500 | G21: =F28 -> -20500 | H21: =G28 -> -10500
B22: Late 2020 Disbursements | C22: -4500 | D22: 0 | E22: 0 | F22: 0 | G22: 0 | H22: 0
B23: CIP Cash Contributions | C23: 10000 | D23: 10000 | E23: 10000 | F23: 10000 | G23: 10000 | H23: =G23 -> 10000
B24: ET Transfer | C24: =-' Fire Sta. Maint ET'!C23 -> 16000 | D24: 0 | E24: 0 | F24: 0 | G24: 0 | H24: 0
B25: Bonds (Placeholder) | C25: =C14 -> 3000000 | D25: 0 | E25: 0 | F25: 0 | G25: 0 | H25: 0
B26: Grants | C26: 0 | D26: 0 | E26: 100000 | F26: 0 | G26: 0 | H26: 0 | I26: Absent a grant, consider finance
B27: Disbursements | C27: =-C17 -> -3135000 | D27: =-D17 -> -10000 | E27: =-E17 -> -200000 | F27: =-F17 -> 0 | G27: =-G17 -> 0 | H27: =-H17 -> 0
B28: Balance, End of Year | C28: =SUM(C21:C27) -> 59500 | D28: =SUM(D21:D27) -> 59500 | E28: =SUM(E21:E27) -> -30500 | F28: =SUM(F21:F27) -> -20500 | G28: =SUM(G21:G27) -> -10500 | H28: =SUM(H21:H27) -> -500
B31: Station | D31: Station Budget | F31: 3575000 | H31: 2020 WA Budget | J31: 3950000 | K31: =F31-D36 -> -377563
B32: 2019 Bond Prop | C32: 3500000 | D32: GF Tax | F32: -200000 | H32: GF Tax | J32: -200000 | K32: =J32-F32 -> 0
B33: CIPC Initial Cut | C33: -750000 | D33: Undesignated Funds | F33: -375000 | H33: =D33 -> Undesignated Funds | J33: -250000 | K33: -125000
B34: Bond | C34: =SUM(C32:C33) -> 2750000 | D34: Bond | F34: =SUM(F31:F33) -> 3000000 | H34: Bond | J34: =SUM(J31:J33) -> 3500000 | K34: =SUM(K31:K33) -> -502563
B36: Original Budget | D36: 3952563
B37: New CIPC Budget | D37: =F31 -> 3575000
B38: Cut | D38: =D36-D37 -> 377563

Sheet  Fire Sta. Maint ET
A2: Ignore routine facility maintenance/replacement items, which should be in your General Fund operating expense budget.
A3: Please use amounts in even dollars; do not round to nearest thousand. Use notes to expand information when necessary.
A4: Note major changes from your prior budget. | I4: Items after 2026 over $50,000
A5: Item | B5: Purpose | C5: 2021 | D5: =C5+1 -> 2022 | E5: =D5+1 -> 2023 | F5: =E5+1 -> 2024 | G5: =F5+1 -> 2025 | H5: =G5+1 -> 2026 | I5: Item | J5: Amount
A7: Various to close account | C7: 16000
I15: TOTAL
B16: Totals | C16: =SUM(C7:C15) -> 16000 | D16: =SUM(D15:D15) -> 0 | E16: =SUM(E15:E15) -> 0 | F16: =SUM(F6:F15) -> 0 | G16: =SUM(G6:G15) -> 0 | H16: =SUM(H6:H15) -> 0 | I16: =SUM(C16:H16) -> 16000 | J16: =SUM(J6:J15) -> 0
B18: 2019 Contribution | C18: 0
B20: Balance, September 30, 2020 | C20: 16000 | D20: =C24 -> 0 | E20: =D24 -> 0 | F20: =E24 -> 0 | G20: =F24 -> 0 | H20: =G24 -> 0
B21: CIP Cash Contributions | C21: 0 | D21: =C21 -> 0 | E21: =D21 -> 0 | F21: =E21 -> 0 | G21: =F21 -> 0 | H21: =G21 -> 0
B22: Grants | C22: 0 | D22: 0 | E22: 0 | F22: 0 | G22: 0 | H22: 0
B23: Disbursements To Fire Sta. CR | C23: =-C16 -> -16000 | D23: =-D16 -> 0 | E23: =-E16 -> 0 | F23: =-F16 -> 0 | G23: =-G16 -> 0 | H23: =-H16 -> 0
B24: Balance, End of Year | C24: =SUM(C20:C23) -> 0 | D24: =SUM(D20:D23) -> 0 | E24: =SUM(E20:E23) -> 0 | F24: =SUM(F20:F23) -> 0 | G24: =SUM(G20:G23) -> 0 | H24: =SUM(H20:H23) -> 0

Sheet PD Cruisers
A2: Ignore routine facility maintenance/replacement items, which should be in your General Fund operating expense budget.
A3: Please use amounts in even dollars; do not round to nearest thousand. Use notes to expand information when necessary.
A4: Note major changes from your prior budget. | I4: Items after 2026 over $50,000
A5: Item | B5: Purpose | C5: 2021 | D5: =C5+1 -> 2022 | E5: =D5+1 -> 2023 | F5: =E5+1 -> 2024 | G5: =F5+1 -> 2025 | H5: =G5+1 -> 2026 | I5: Item | J5: Amount
A6: Annual Cruiser Replacement | C6: 35000 | D6: =C6 -> 35000 | E6: =D6 -> 35000 | F6: =E6 -> 35000 | G6: =F6 -> 35000 | H6: =G6 -> 35000
A7: Additional Cruiser | C7: 35000 | D7: =C7 -> 35000 | H7: 35000
A9: One cruiser (at $35,000; 3 year life) will be purchased every year, and an additional cruiser will be purchased every 3rd year from the Capital Reserve. All cruisers will be equipped (net cost, $20,000) from the Special Duty Revolving Fund.
I15: TOTAL
B16: Totals | C16: =SUM(C6:C15) -> 70000 | D16: =SUM(D6:D15) -> 70000 | E16: =SUM(E6:E15) -> 35000 | F16: =SUM(F6:F15) -> 35000 | G16: =SUM(G6:G15) -> 35000 | H16: =SUM(H6:H15) -> 70000 | I16: =SUM(C16:H16) -> 315000 | J16: =SUM(J6:J15) -> 0
A18: Special Duty Revolving Fund:
A19: 9/30/20 Balance | D19: 24000
A20: Estimated annual contribution | D20: 10000
B22: 2020 Contribution | C22: 40000
B24: Balance, September 30, 2020 | C24: 64000 | D24: =C28 -> -6000 | E24: =D28 -> -36000 | F24: =E28 -> -31000 | G24: =F28 -> -26000 | H24: =G28 -> -21000
B25: Late 2020 Expenditures | C25: -40000 | D25: 0 | E25: 0 | F25: 0 | G25: 0 | H25: 0
B26: CIP Cash Contributions | C26: 40000 | D26: =C26 -> 40000 | E26: =D26 -> 40000 | F26: =E26 -> 40000 | G26: =F26 -> 40000 | H26: =G26 -> 40000
B27: Expenditures | C27: =-C16 -> -70000 | D27: =-D16 -> -70000 | E27: =-E16 -> -35000 | F27: =-F16 -> -35000 | G27: =-G16 -> -35000 | H27: =-H16 -> -70000
B28: Ending Balance | C28: =SUM(C24:C27) -> -6000 | D28: =SUM(D24:D27) -> -36000 | E28: =SUM(E24:E27) -> -31000 | F28: =SUM(F24:F27) -> -26000 | G28: =SUM(G24:G27) -> -21000 | H28: =SUM(H24:H27) -> -51000

Sheet Police Fleet
A4: Year | B4: Make/Model | C4: Type | D4: ID # | E4: Miles / Hours | F4: Estimated Replacement Cost (2020) | G4: CICP Recommended Replacement Year | H4: Department Recommended Replacement Year
A5: 2019 | B5: Ford Explorer | C5: Patrol | D5: 1 | E5: 18895 | F5: 44000 | G5: 2025
A6: 2017 | B6: Ford Explorer | C6: Spare/Detail | D6: 2 | E6: 88497 | F6: 44000 | G6: 2022
A7: 2017 | B7: Ford Explorer | C7: Patrol | D7: 3 | E7: 73120 | F7: 44000 | G7: 2022
A8: 2014 | B8: Ford Explorer | C8: Patrol/Admin | D8: 4 | E8: 98429 | F8: 44000 | G8: 2021
A9: 2013 | B9: Ford Taurus | C9: Unmarked | D9: 5 | E9: 110798 | F9: 10000 | G9: 2020
A10: 2017 | B10: Ford Explorer | C10: Patrol | D10: 6 | E10: 56856 | F10: 44000 | G10: 2023
A11: 2019 | B11: Ford Explorer | C11: Patrol | D11: 7 | E11: 21249 | F11: 44000 | G11: 2024
A12: 2014 | B12: Ford Explorer | C12: Investigations | D12: 8 | E12: 101138 | F12: 10000 | G12: 2020
A13: Total | F13: =SUM(F5:F12) -> 284000
B14: Note: $36,000 is the Base cost of the cruisers. An additional 8,000 will be used from the Police Detail Revolving Fund to cover the cost of outfitting the cruisers with the correct equipment. Investigations cruiser is not up for total renewal in the foreseeable future, thus the 10,000 is only there to refurbish the car with general maintenance.

Sheet PD Other
A2: Ignore routine facility maintenance/replacement items, which should be in your General Fund operating expense budget.
A3: Please use amounts in even dollars; do not round to nearest thousand. Use notes to expand information when necessary.
A4: Note major changes from your prior budget. | I4: Items after 2026 over $50,000
A5: Item | B5: Purpose | C5: 2021 | D5: =C5+1 -> 2022 | E5: =D5+1 -> 2023 | F5: =E5+1 -> 2024 | G5: =F5+1 -> 2025 | H5: =G5+1 -> 2026 | I5: Item | J5: Amount
A6: Server | C6: 25000
A7: Other IT | D7: 6000 | F7: 6000 | H7: 6000
A9: Station Major Repairs | F9: 10000
A10: Portable Radios | I10: See Emg. Com
A11: Dual Band Repeater | I11: See Emg. Com
I12: TOTAL
B13: Totals | C13: =SUM(C6:C12) -> 25000 | D13: =SUM(D6:D12) -> 6000 | E13: =SUM(E6:E12) -> 0 | F13: =SUM(F6:F12) -> 16000 | G13: =SUM(G6:G12) -> 0 | H13: =SUM(H6:H12) -> 6000 | I13: =SUM(C13:H13) -> 53000 | J13: =SUM(J6:J12) -> 0
A15: 2020 Addition - Police IMS | C15: 3000
A16: 2020 Addition - Police Facilities | C16: 3000
B18: Police IMS:
B19: Balance, Sept. 30, 2020 | C19: 29000 | D19: =C22 -> 7000 | E19: =D22 -> 4000 | F19: =E22 -> 7000 | G19: =F22 -> 4000 | H19: =G22 -> 7000
B20: CIP Cash Contributions | C20: 3000 | D20: =C20 -> 3000 | E20: =D20 -> 3000 | F20: =E20 -> 3000 | G20: =F20 -> 3000 | H20: =G20 -> 3000
B21: Expenditures | C21: =-SUM(C6:C7) -> -25000 | D21: =-SUM(D6:D7) -> -6000 | E21: =-SUM(E6:E7) -> 0 | F21: =-SUM(F6:F7) -> -6000 | G21: =-SUM(G6:G7) -> 0 | H21: =-SUM(H6:H7) -> -6000
B22: Ending Balance | C22: =SUM(C19:C21) -> 7000 | D22: =SUM(D19:D21) -> 4000 | E22: =SUM(E19:E21) -> 7000 | F22: =SUM(F19:F21) -> 4000 | G22: =SUM(G19:G21) -> 7000 | H22: =SUM(H19:H21) -> 4000
B24: Police Facilities:
B25: Balance, Sept. 30, 2020 | C25: 12000 | D25: =C28 -> 15000 | E25: =D28 -> 18000 | F25: =E28 -> 21000 | G25: =F28 -> 14000 | H25: =G28 -> 17000
B26: CIP Cash Contributions | C26: 3000 | D26: =C26 -> 3000 | E26: =D26 -> 3000 | F26: =E26 -> 3000 | G26: =F26 -> 3000 | H26: =G26 -> 3000
B27: Expenditures | C27: =-C9 -> 0 | D27: =-D9 -> 0 | E27: =-E9 -> 0 | F27: =-F9 -> -10000 | G27: =-G9 -> 0 | H27: =-H9 -> 0
B28: Ending Balance | C28: =SUM(C25:C27) -> 15000 | D28: =SUM(D25:D27) -> 18000 | E28: =SUM(E25:E27) -> 21000 | F28: =SUM(F25:F27) -> 14000 | G28: =SUM(G25:G27) -> 17000 | H28: =SUM(H25:H27) -> 20000

Sheet Town IMS
A2: Ignore routine facility maintenance/replacement items, which should be in your General Fund operating expense budget.
A3: Please use amounts in even dollars; do not round to nearest thousand. Use notes to expand information when necessary.
A4: Note major changes from your prior budget. | I4: Items after 2026 over $50,000
A5: Item | B5: Purpose | C5: 2021 | D5: =C5+1 -> 2022 | E5: =D5+1 -> 2023 | F5: =E5+1 -> 2024 | G5: =F5+1 -> 2025 | H5: =G5+1 -> 2026 | I5: Item | J5: Amount
A6: Town Clerk Software Replacement | B6: Replace the Town Clerk's current BMSI software with Avatar, similar to what has been installed in the Tax Collector and Assessing offices | C6: 10500
A7: Financial Software Replacement | B7: The Town's current financial software BMSI is DOS based, is antiquated, and has significant limitations. Although a review of new software has not yet begun because other software updates are a higher priority, options should be reviewed in the mid to later years of this plan. | E7: 30000
A8: GIS & Tax Map Upgrade | B8: Full update of the Town's tax maps, including matching maps to reality using new, custom aerial photography. To be done and paid over three years. Should be done between revaluations | C8: 75000 | D8: 75000 | E8: 75000
A9: Replacement of 2018 servers | H9: 50000
I10: TOTAL
B11: Totals | C11: =SUM(C6:C9) -> 85500 | D11: =SUM(D6:D9) -> 75000 | E11: =SUM(E6:E9) -> 105000 | F11: =SUM(F6:F9) -> 0 | G11: =SUM(G6:G9) -> 0 | H11: =SUM(H6:H9) -> 50000 | I11: =SUM(C11:H11) -> 315500 | J11: =SUM(J6:J10) -> 0
B13: 2020 Contribution | C13: 15000
B15: Balance, September 30, 2020 | C15: 32000 | D15: =C19 -> 31500 | E15: =D19 -> 41500 | F15: =E19 -> 21500 | G15: =F19 -> 31500 | H15: =G19 -> 41500
B16: CIP Cash Contributions | C16: 10000 | D16: =C16 -> 10000 | E16: =D16 -> 10000 | F16: =E16 -> 10000 | G16: =F16 -> 10000 | H16: =G16 -> 10000
B17: Wt. Article Auth (2020) | C17: 75000 | D17: 75000 | E17: 75000 | F17: 0 | G17: 0 | H17: 0
B18: Expenditures | C18: =-C11 -> -85500 | D18: =-D11 -> -75000 | E18: =-E11 -> -105000 | F18: =-F11 -> 0 | G18: =-G11 -> 0 | H18: =-H11 -> -50000
B19: Ending Balance | C19: =SUM(C15:C18) -> 31500 | D19: =SUM(D15:D18) -> 41500 | E19: =SUM(E15:E18) -> 21500 | F19: =SUM(F15:F18) -> 31500 | G19: =SUM(G15:G18) -> 41500 | H19: =SUM(H15:H18) -> 1500

Sheet Town Hall Expansion-Repairs
A2: Ignore routine facility maintenance/replacement items, which should be in your General Fund operating expense budget.
A3: Please use amounts in even dollars; do not round to nearest thousand. Use notes to expand information when necessary.
A4: Note major changes from your prior budget. | I4: Items after 2026 over $50,000
A5: Item | B5: Comment/Purpose | C5: 2021 | D5: =C5+1 -> 2022 | E5: =D5+1 -> 2023 | F5: =E5+1 -> 2024 | G5: =F5+1 -> 2025 | H5: =G5+1 -> 2026 | I5: Item | J5: Amount
A6: Interior redesign | B6: Redesign the interior of Town Hall, addressing code and workflow challenges due to the current layout | C6: 0 | E6: 500000
A7: FD Entrance, Front Step Improvement & pillars, & handicap accessibility concerns | B7: Provide minimal Improvements to egress into and out of Town Hall and Center Fire Station | C7: 35000
A8: Building drainage engineering | B8: Engineering work to address water getting into basement | C8: 5000
A9: Drainage work | B9: Work to address water getting into basement | C9: 15000
A10: Wiring & safety warning devices Upgrade | C10: 30000
A11: Fire Suppression System | B11: Assumes use of MRSD's cisterns and/or land | E11: 100000
A12: Retaining wall rebuild (East Side) | B12: Blocks, stone, drainage, etc. | E12: 7500 | F12: 25000 | G12: 25000
I13: TOTAL
B14: Totals | C14: =SUM(C6:C13) -> 85000 | D14: =SUM(D6:D13) -> 0 | E14: =SUM(E6:E13) -> 607500 | F14: =SUM(F6:F13) -> 25000 | G14: =SUM(G6:G13) -> 25000 | H14: =SUM(H6:H13) -> 0 | I14: =SUM(C14:H14) -> 742500
B16: 2020 Contribution | C16: 0
B18: Balances, September 30, 2020:
B19: Expansion | C19: 500 | M19: Bond | N19: =E23 -> 650000
B20: Repairs | C20: 91000 | M20: yrs | N20: 25
C21: =SUM(C19:C20) -> 91500 | D21: =C25 -> 6500 | E21: =D25 -> 6500 | F21: =E25 -> 49000 | G21: =F25 -> 24000 | H21: =G25 -> -1000 | M21: rate | N21: 0.05
B22: CIP Cash Contributions | C22: 0 | D22: 0 | E22: 0 | F22: 0 | G22: 0 | H22: 0 | M22: D/S | N22: =PMT(N21,N20,N19) -> -46119.097
B23: Bonding | C23: 0 | D23: 0 | E23: 650000 | F23: 0 | G23: 0 | H23: 0
B24: Expenditures | C24: =-C14 -> -85000 | D24: =-D14 -> 0 | E24: =-E14 -> -607500 | F24: =-F14 -> -25000 | G24: =-G14 -> -25000 | H24: =-H14 -> 0
B25: Ending Balance | C25: =SUM(C21:C24) -> 6500 | D25: =SUM(D21:D24) -> 6500 | E25: =SUM(E21:E24) -> 49000 | F25: =SUM(F21:F24) -> 24000 | G25: =SUM(G21:G24) -> -1000 | H25: =SUM(H21:H24) -> -1000

Sheet Rail Trails
A2: Ignore routine facility maintenance/replacement items, which should be in your General Fund operating expense budget. | I2: NEW FUND
A3: Please use amounts in even dollars; do not round to nearest thousand. Use notes to expand information when necessary.
A4: Note major changes from your prior budget. | I4: Items after 2026 over $50,000
A5: Item | B5: Purpose | C5: 2021 | D5: =C5+1 -> 2022 | E5: =D5+1 -> 2023 | F5: =E5+1 -> 2024 | G5: =F5+1 -> 2025 | H5: =G5+1 -> 2026 | I5: Item | J5: Amount
A6: Compact Excavator with accessories, including mowers | B6: Will be shared with DPW and is expected to have cost offset by grants / fundraising. $100k total cost w/ following accessories: 36" Grading Bucket Accessory, 24" Digging Bucket Accessory, and Flail Mower. | I6: Grant to rent
A7: Cheshire & Ashuelot Trail Improvements | B7: Match to cover TAP grant and fundraising, amount TBD Const. scheduled for 2025) | G7: 163000
A8: Trail improvements / Maintenance
I10: Total
B11: Totals | C11: =SUM(C6:C10) -> 0 | D11: =SUM(D6:D10) -> 0 | E11: =SUM(E6:E10) -> 0 | F11: =SUM(F6:F10) -> 0 | G11: =SUM(G6:G10) -> 163000 | H11: =SUM(H6:H10) -> 0 | I11: =SUM(C11:H11) -> 163000 | J11: =SUM(J6:J10) -> 0
B13: 2020 Contribution | C13: 0
B15: Balance, Beginning of Year | C15: 0 | D15: =C21 -> 0 | E15: =D21 -> 0 | F15: =E21 -> 0 | G15: =F21 -> 0 | H15: =G21 -> 0
B16: CIP Cash Contributions
B17: Muni Trans Transfer | C17: 0 | D17: 0 | E17: 0 | F17: 0 | G17: 0 | H17: 0
B18: Grants | C18: 0 | D18: 0 | E18: 0 | F18: 0 | G18: 0 | H18: 0
B19: Fund Raising | C19: 0 | D19: 0 | E19: 0 | F19: 0 | G19: 163000 | H19: 0
B20: Disbursements | C20: =-C11 -> 0 | D20: =-D11 -> 0 | E20: =-E11 -> 0 | F20: =-F11 -> 0 | G20: =-G11 -> -163000 | H20: =-H11 -> 0
B21: Balance, End of Year | C21: =SUM(C15:C20) -> 0 | D21: =SUM(D15:D20) -> 0 | E21: =SUM(E15:E20) -> 0 | F21: =SUM(F15:F20) -> 0 | G21: =SUM(G15:G20) -> 0 | H21: =SUM(H15:H20) -> 0

Sheet Recreation
A2: Ignore routine facility maintenance/replacement items, which should be in your General Fund operating expense budget.
A3: Please use amounts in even dollars; do not round to nearest thousand. Use notes to expand information when necessary.
A4: Note major changes from your prior budget. | I4: Items after 2026 over $50,000
A5: Item | B5: Purpose | C5: 2021 | D5: =C5+1 -> 2022 | E5: =D5+1 -> 2023 | F5: =E5+1 -> 2024 | G5: =F5+1 -> 2025 | H5: =G5+1 -> 2026 | I5: Item | J5: Amount
A6: West Swanzey AA Park Improvements | B6: Pavilion and other improvements (amount shown is a match to a grant and fundraising) | D6: 25000 | I6: Carried forward from 2020 budget due to Director vacancy.
A7: Restrooms/changing rooms at Richardson Park | B7: Replace the outdated changing/bathrooms and related septic repairs at Richardson Park. | C7: 100000
A8: Replace deck, railings and ramp at Richardson park and add gutters to the building | B8: Deck and railings need to be replaced, starting to rot away. Gutters are to help with the waterflow issue. | D8: 10000 | J8: 30000
A9: 2 Covered picnic areas at Richardson Park 14x14 | B9: Provide nice areas for people and families as they visit and spend time at the lake. | E9: 22000
A10: Paving | F10: 50000
A11: Recreation Director's Office | B11: A place for the rec director to work out of, keep files, hold meetings and be organized. | J11: 10000
A12: Outdoor basketball court at Richardson Park | B12: Provide more opportunities and activities for the residents of Swanzey | G12: 20000
A13: Passenger van for rec outings | B13: To take groups out do activities. | J13: 37000
A14: Foundation work/rebuild | J14: ???
I15: TOTAL
B16: Totals | C16: =SUM(C6:C15) -> 100000 | D16: =SUM(D6:D15) -> 35000 | E16: =SUM(E6:E15) -> 22000 | F16: =SUM(F6:F15) -> 50000 | G16: =SUM(G6:G15) -> 20000 | H16: =SUM(H6:H15) -> 0 | I16: =SUM(C16:H16) -> 227000 | J16: =SUM(J6:J15) -> 77000
B18: 2020 Contribution | C18: 10000
B20: Balances, September 30, 2020: | C20: 74000 | D20: =C25 -> 9000 | E20: =D25 -> 4000 | F20: =E25 -> 2000 | G20: =F25 -> 2000 | H20: =G25 -> 2000
B21: CIP Cash Contributions | C21: 10000 | D21: =C21 -> 10000 | E21: =D21 -> 10000 | F21: =E21 -> 10000 | G21: =F21 -> 10000 | H21: =G21 -> 10000 | I21: Recreation (Camp) Revolving Fund had a net balance of $93K as of 10/31/20. A portion of such funds may be used for CAPEX.
B22: Grants/Fundraising | C22: 0 | D22: 0 | E22: 0 | F22: =0.5*F9 -> 0 | G22: 0 | H22: 0
B23: From Rev. Revolving Fund | C23: 25000 | D23: 20000 | E23: 10000 | F23: 40000 | G23: 10000 | H23: 0
B24: Expenditures | C24: =-C16 -> -100000 | D24: =-D16 -> -35000 | E24: =-E16 -> -22000 | F24: =-F16 -> -50000 | G24: =-G16 -> -20000 | H24: =-H16 -> 0
B25: Ending Balance | C25: =SUM(C20:C24) -> 9000 | D25: =SUM(D20:D24) -> 4000 | E25: =SUM(E20:E24) -> 2000 | F25: =SUM(F20:F24) -> 2000 | G25: =SUM(G20:G24) -> 2000 | H25: =SUM(H20:H24) -> 12000

Sheet Recycling
A2: Ignore routine facility maintenance/replacement items, which should be in your General Fund operating expense budget.
A3: Please use amounts in even dollars; do not round to nearest thousand. Use notes to expand information when necessary.
A4: Note major changes from your prior budget. | I4: Items after 2026 over $50,000
A5: Item | B5: Comment/Purpose | C5: 2021 | D5: =C5+1 -> 2022 | E5: =D5+1 -> 2023 | F5: =E5+1 -> 2024 | G5: =F5+1 -> 2025 | H5: =G5+1 -> 2026 | I5: Item | J5: Amount
A6: Main building improvements | B6: 3 lane drive through, siding, office area, breakroom, public BR, more sorting windows | C6: 500000
A7: Waste Oil Building | B7: 40'x25' (1,000 ft2) | I7: Waste oil building | J7: 95000
A8: Waste Oil Burner & supplies | B8: Barrels/ containment/ clean up | I8: Waste oil burner & supplies | J8: 22099
A9: Horizontal baler | B9: Able to bale more material at a higher market value | H9: 126940 | I9: Horizontal baler #2 (2030) | J9: 140000
A10: Truck scale & scale house | B10: Ensure right pricing is charged | I10: Truck scale & scale house | J10: 79300
A11: Facility fence | B11: Priced at all new fencing, possibly just repairing current | E11: 22000
A12: Back 40 layout & clearing | B12: Tip walls moved, new pads, burn pit walls replaced | F12: 39290
A13: Pave main parking lot | B13: Priced at paving over current (100'x 400') | I13: Pave main parking lot | J13: 95000
A14: Facility safety | B14: Cameras, tip wall gates, parking stops, flex posts, outdoor lighting | D14: 37500
A15: Fork lift | B15: Electric forklift for material handling | H15: 37800
A16: Skid steer | B16: Will get a longer useful life with a forklift as well | G16: 70000 | I16: Skid steer (2030) | J16: 60000
A17: Skid steer attachments | B17: Soil sifter/ concrete grinder/ back hoe attachment | E17: 25000
A18: Material Handling | B18: indoor storage tilt carts/ outdoor tilt bins for material | D18: 9022
I19: TOTAL
B20: Totals | C20: =SUM(C6:C18) -> 500000 | D20: =SUM(D6:D18) -> 46522 | E20: =SUM(E6:E18) -> 47000 | F20: =SUM(F6:F18) -> 39290 | G20: =SUM(G6:G18) -> 70000 | H20: =SUM(H6:H18) -> 164740 | I20: =SUM(C20:H20) -> 867552 | J20: =SUM(J8:J15) -> 336399
I21: 6 | J21: yrs.
B22: 2020 Contribution | C22: 0 | I22: =I20/I21 -> 144592
B24: Balance, September 30, 2020 | C24: 486000 | D24: =C29 -> 36000 | E24: =D29 -> 44478 | F24: =E29 -> 52478 | G24: =F29 -> 68188 | H24: =G29 -> 53188 | I24: Includes Revolving Fund
B25: CIP Cash Contributions | C25: 50000 | D25: =C25 -> 50000 | E25: =D25 -> 50000 | F25: =E25 -> 50000 | G25: =F25 -> 50000 | H25: =G25 -> 50000
B26: Financing | C26: 0 | D26: 0 | E26: 0 | F26: 0 | G26: 0 | H26: 0
B27: Grants | C27: 0 | D27: 5000 | E27: 5000 | F27: 5000 | G27: 5000 | H27: 5000
B28: Disbursements | C28: =-C20 -> -500000 | D28: =-D20 -> -46522 | E28: =-E20 -> -47000 | F28: =-F20 -> -39290 | G28: =-G20 -> -70000 | H28: =-H20 -> -164740
B29: Balance, End of Year | C29: =SUM(C24:C28) -> 36000 | D29: =SUM(D24:D28) -> 44478 | E29: =SUM(E24:E28) -> 52478 | F29: =SUM(F24:F28) -> 68188 | G29: =SUM(G24:G28) -> 53188 | H29: =SUM(H24:H28) -> -56552

Sheet Recycling Comments
B1: Supporting Notes | C1: Item Info | D1: Cost Breakdown
A2: Clear span | B2: 120' wide x 150' long- useful life (50 years) building | C2: building materials | D2: 270000
B3: Estimated at prevailing wages | C3: Labor | D3: 100000
B4: Foundation | C4: Foundation | D4: 70000 | E4: 10% contingency- | F4: =10%*D5 -> 44000
D5: =SUM(D2:D4) -> 440000 | E5: =D5+F4 -> 484000
A7: Old Main Building- New Storage | C7: Electrical work & lighting | D7: 20000
B8: insulation/ aluminum siding- est. $7 sq ft. | C8: New siding & insulation | D8: 30000
B9: Seal floor etc./ 2 new overhead doors | C9: Misc. repairs | D9: 12000 | E9: 10% contingency- | F9: =10%*D10 -> 6200
D10: =SUM(D7:D9) -> 62000 | E10: =D10+F9 -> 68200
A12: Waste Oil Storage Building | C12: Kit building materials | D12: 35000
C13: Labor | D13: 25000
B14: New lighting, explosion lights | C14: Electrical | D14: 15000
C15: Foundation | D15: 6000
C16: Garage doors | D16: 5000 | E16: 10% contingency- | F16: =10%*86000 -> 8600
D17: =SUM(D12:D16) -> 86000 | E17: =D17+F16 -> 94600
A19: Waste Oil Burner and Supplies | B19: Holds 120% of a 55 gallon drum. DES requires 110% | C19: Drum spill containment pallets x22 | D19: 10824
C20: Waste oil burner | D20: 6199
C21: Translucent poly oil drums x22 | D21: 2024
C22: Mobile oil spill kits x5 | D22: 2000 | E22: 5% contingency | F22: =5%*D23 -> 1052.35
D23: =SUM(D19:D22) -> 21047 | E23: =D23+F22 -> 22099.35
A25: Horizontal Baler | C25: Horizontal baler with conveyor | D25: 103012
C26: Delivery, installation, start up and training | D26: 13450
C27: 4% Sourcewell discount for installation & training | D27: -4120
C28: Oil cooler system | D28: 5724 | E28: 5% contingency | F28: =5%*D29 -> 5903.3
D29: =SUM(D25:D28) -> 118066 | E29: =D29+F28 -> 123969.3
A31: Truck Scale and Scale house | B31: See breakdown/ scale needs 110'-120' total | C31: Scale foundation | D31: 30000
B32: Concrete is cheaper and will last longer | C32: 40' concrete scale deck | D32: 24100
C33: Scale house | D33: 10000
C34: Installation & calibration | D34: 6000
C35: Freight | D35: 3000
C36: Outside remote display | D36: 1725
C37: Scale printer | D37: 700 | E37: 5% contingency | F37: =5%*D38 -> 3776.25
D38: =SUM(D31:D37) -> 75525 | E38: =D38+F37 -> 79301.25
A40: Facility fence | D40: 20000 | E40: 10% contingency- | F40: =10%*20000 -> 2000
E41: 22000
A42: Back 40 layout & clearing | B42: Equipment rental or contract out or DPW | C42: Equipment rental | D42: 10000
B43: 24'x long x 10' wide or 240 sq feet (6 tip walls) | C43: Tip wall concrete pads | D43: 11520
B44: 126 blocks @ $50 per | C44: Tip wall blocks | D44: 6300
B45: 120 blocks includes both pits @ $50 each | C45: Burn pit walls | D45: 6000
B46: 16' wide x 12' long x 6' high (3) bunkers- 72 blocks | C46: Concrete, porcelain, brick bunkers | D46: 3600 | E46: 5% contingency | F46: =5%*D47 -> 1871
D47: =SUM(D42:D46) -> 37420 | E47: =D47+F46 -> 39291
A49: Pave main parking lot | B49: Estimated $1.70 per square foot Approx. 100' x 400' (40,000 sq) | C49: Repave main parking lot | D49: 68000
B50: estimated $8 per sq. ft. (2) 400 sq | C50: New concrete pads for compactors | D50: 6400 | E50: 10% contingency- | F50: =10%*D51 -> 7440
D51: =SUM(D49:D50) -> 74400 | E51: =D51+F50 -> 81840
A53: Facility safety | C53: Surveillance cameras | D53: 8500
B54: 6 tip walls @ 24' each x2 rails per 8' section and 3 post | C54: Tip wall safety gates | D54: 15000
B55: 15 parking stops@ $65 each | C55: Parking stops | D55: 975
B56: Replace traffic cones, will bend to not cause damage to vehicle | C56: Flex posts & adhesive pads | D56: 1680
B57: Tip walls and high traffic areas that are dark | C57: Solar lights | D57: 9490 | E57: 5% contingency | F57: =5%*D58 -> 1782.25
D58: =SUM(D53:D57) -> 35645 | E58: =D58+F57 -> 37427.25
A60: Forklift | B60: Better handling of indoor material (priced new) | C60: Electric forklift for material handling | D60: 36000 | E60: 5% contingency | F60: =5%*D60 -> 1800
E61: =D60+F60 -> 37800
A63: Skid steer | B63: 3,100 lb. rated operating lift capacity | C63: Bobcat S740 | D63: 55000
C64: Bobcat Bucket | D64: 5000
C65: Bobcat forks | D65: 5000
C66: Bobcat solid tires | D66: 3000 | E66: 5% contingency | F66: =5%*D67 -> 3400
D67: =SUM(D63:D66) -> 68000 | E67: =D67+F66 -> 71400
A69: Skid steer attachments | B69: Better handling of rubble | C69: Hog concrete crusher | D69: 18295
B70: Revenue generator for crushed rubble/ compost | C70: ez screen 100 | D70: 6900
B71: maintaining construction bins and burn pits | C71: Bobcat backhoe attachment | D71: 14995 | E71: 5% contingency | F71: =5%*D72 -> 2009.5
D72: =SUM(D69:D71) -> 40190 | E72: =D72+F71 -> 42199.5
A75: Material handling | B75: (10) @ $1,075.52 each | C75: Plastic tilt storage carts | D75: 10755.2
B76: (5) @$1,283 each | C76: Metal outdoor tilt storage carts | D76: 6430 | E76: 5% contingency | F76: =5%*D77 -> 859.26
D77: =SUM(D75:D76) -> 17185.2 | E77: =D77+F76 -> 18044.46

Sheet Lib-MCUL
A2: Ignore routine facility maintenance/replacement items, which should be in your General Fund operating expense budget.
A3: Please use amounts in even dollars; do not round to nearest thousand. Use notes to expand information when necessary.
A4: Note major changes from your prior budget. | I4: Items after 2026 over $50,000
A5: Item | B5: Purpose | C5: 2021 | D5: =C5+1 -> 2022 | E5: =D5+1 -> 2023 | F5: =E5+1 -> 2024 | G5: =F5+1 -> 2025 | H5: =G5+1 -> 2026 | I5: Item | J5: Amount
A6: Exterior Painting | B6: North Face only | C6: 5000
A7: Boiler | B7: Replacement | D7: 15000
A8: Window Replacement | E8: 15000
A9: Chimney Repair | E9: 5000
A10: Third Floor Rehab | H10: Entire Project under fund raising effort.
A11: Elevator to Upper Level
I14: TOTAL
B15: Totals | C15: =SUM(C6:C14) -> 5000 | D15: =SUM(D6:D14) -> 15000 | E15: =SUM(E6:E14) -> 20000 | F15: =SUM(F6:F14) -> 0 | G15: =SUM(G6:G14) -> 0 | H15: =SUM(H6:H14) -> 0 | I15: =SUM(C15:H15) -> 40000 | J15: =SUM(J6:J14) -> 0
A17: MCUL Trust Funds: $86,500
B19: 2020 Contribution | C19: 3000
B21: Balance, Sept. 30, 2020 | C21: 21000 | D21: =C25 -> 19000 | E21: =D25 -> 7000 | F21: =E25 -> 10000 | G21: =F25 -> 13000 | H21: =G25 -> 16000
B22: CIP Cash Contributions | C22: 3000 | D22: =C22 -> 3000 | E22: =D22 -> 3000 | F22: =E22 -> 3000 | G22: =F22 -> 3000 | H22: =G22 -> 3000
B23: Fund Raising/Grants | C23: 0 | D23: 0 | E23: 0 | F23: 0 | G23: 0 | H23: 0
B24: Disbursements | C24: =-C15 -> -5000 | D24: =-D15 -> -15000 | E24: 0 | F24: =-F15 -> 0 | G24: =-G15 -> 0 | H24: =-H15 -> 0
B25: Balance, End of Year | C25: =SUM(C21:C24) -> 19000 | D25: =SUM(D21:D24) -> 7000 | E25: =SUM(E21:E24) -> 10000 | F25: =SUM(F21:F24) -> 13000 | G25: =SUM(G21:G24) -> 16000 | H25: =SUM(H21:H24) -> 19000

Sheet Lib-SFL
A2: Ignore routine facility maintenance/replacement items, which should be in your General Fund operating expense budget.
A3: Please use amounts in even dollars; do not round to nearest thousand. Use notes to expand information when necessary.
A4: Note major changes from your prior budget. | I4: Items after 2026 over $50,000
A5: Item | B5: Purpose | C5: 2021 | D5: =C5+1 -> 2022 | E5: =D5+1 -> 2023 | F5: =E5+1 -> 2024 | G5: =F5+1 -> 2025 | H5: =G5+1 -> 2026 | I5: Item | J5: Amount
A6: Computer, etc. | C6: 1000
A7: Book Drop Box | C7: 1000
A8: Software, Scanner/Printer | C8: 3100
A9: Shelf List Cards to Barcode System | C9: 5000
A10: Camera Surveillance System | C10: 2300
M11: Expendable Trust - $12400
I12: TOTAL | N12: Library Software Project:
B13: Totals | C13: =SUM(C6:C12) -> 12400 | D13: =SUM(D6:D12) -> 0 | E13: =SUM(E6:E12) -> 0 | F13: =SUM(F6:F12) -> 0 | G13: =SUM(G6:G12) -> 0 | H13: =SUM(H6:H12) -> 0 | I13: =SUM(C13:H13) -> 12400 | J13: =SUM(J6:J12) -> 0 | N13: $5000 - convert shelf list cards to bar codes
N14: $1000 - computer and other hardware
B15: 2020 Contribution | C15: 1000 | N15: $3100 - Software, Printer, Scanner, ext warranties
N16: Other projects:
B17: Balance, Sept. 30, 2020 | C17: 12000 | D17: =C21 -> 1100 | E17: =D21 -> 2600 | F17: =E21 -> 4100 | G17: =F21 -> 5600 | H17: =G21 -> 7100 | N17: $2300 Camera Surveillance System
B18: Grants/Fundraising | C18: 500 | D18: =C18 -> 500 | E18: =D18 -> 500 | F18: =E18 -> 500 | G18: =F18 -> 500 | H18: =G18 -> 500 | N18: $1000 Book Drop Box
B19: CIP Cash Contributions | C19: 1000 | D19: =C19 -> 1000 | E19: =D19 -> 1000 | F19: =E19 -> 1000 | G19: =F19 -> 1000 | H19: =G19 -> 1000
B20: Expenditures | C20: =-C13 -> -12400 | D20: =-D13 -> 0 | E20: =-E13 -> 0 | F20: =-F13 -> 0 | G20: =-G13 -> 0 | H20: =-H13 -> 0
B21: Ending Balance | C21: =SUM(C17:C20) -> 1100 | D21: =SUM(D17:D20) -> 2600 | E21: =SUM(E17:E20) -> 4100 | F21: =SUM(F17:F20) -> 5600 | G21: =SUM(G17:G20) -> 7100 | H21: =SUM(H17:H20) -> 8600

Sheet CH
A2: Ignore routine facility maintenance/replacement items, which should be in your General Fund operating expense budget.
A3: Please use amounts in even dollars; do not round to nearest thousand. Use notes to expand information when necessary.
A4: Note major changes from your prior budget. | I4: Items after 2026 over $50,000
A5: Item | B5: Purpose | C5: 2021 | D5: =C5+1 -> 2022 | E5: =D5+1 -> 2023 | F5: =E5+1 -> 2024 | G5: =F5+1 -> 2025 | H5: =G5+1 -> 2026 | I5: Item | J5: Amount
I9: TOTAL
B10: Totals | C10: =SUM(C6:C9) -> 0 | D10: =SUM(D6:D9) -> 0 | E10: =SUM(E6:E9) -> 0 | F10: =SUM(F6:F9) -> 0 | G10: =SUM(G6:G9) -> 0 | H10: =SUM(H6:H9) -> 0 | I10: =SUM(C10:H10) -> 0
B12: 2020 Contribution | C12: 0
B14: Balance, Sept. 30, 2020 | C14: 76000 | D14: =C19 -> 116000 | E14: =D19 -> 156000 | F14: =E19 -> 196000 | G14: =F19 -> 236000 | H14: =G19 -> 276000
B15: Trust Earnings | C15: 40000 | D15: =C15 -> 40000 | E15: =D15 -> 40000 | F15: =E15 -> 40000 | G15: =F15 -> 40000 | H15: =G15 -> 40000 | I15: Before Operating Charges
B16: CIP Cash Contributions | C16: 0 | D16: 0 | E16: 0 | F16: 0 | G16: 0 | H16: 0
B17: Contributions | C17: 0 | D17: 0 | E17: 0 | F17: =E17 -> 0 | G17: =F17 -> 0 | H17: =G17 -> 0
B18: Disbursements | C18: =-C10 -> 0 | D18: =-D10 -> 0 | E18: =-E10 -> 0 | F18: =-F10 -> 0 | G18: =-G10 -> 0 | H18: =-H10 -> 0
B19: Balance, End of Year | C19: =SUM(C14:C18) -> 116000 | D19: =SUM(D14:D18) -> 156000 | E19: =SUM(E14:E18) -> 196000 | F19: =SUM(F14:F18) -> 236000 | G19: =SUM(G14:G18) -> 276000 | H19: =SUM(H14:H18) -> 316000
E25: G. Whitcomb | G25: 4000
E26: L. Carpenter | G26: =26000*4/3 -> 34666.667

Sheet Cons. Land Acq
A2: Ignore routine facility maintenance/replacement items, which should be in your General Fund operating expense budget.
A3: Please use amounts in even dollars; do not round to nearest thousand. Use notes to expand information when necessary.
A4: Note major changes from your prior budget. | I4: Items after 2026 over $50,000
A5: Item | B5: Purpose | C5: 2021 | D5: =C5+1 -> 2022 | E5: =D5+1 -> 2023 | F5: =E5+1 -> 2024 | G5: =F5+1 -> 2025 | H5: =G5+1 -> 2026 | I5: Item | J5: Amount
I9: TOTAL
B10: Totals | C10: =SUM(C6:C9) -> 0 | D10: =SUM(D6:D9) -> 0 | E10: =SUM(E6:E9) -> 0 | F10: =SUM(F6:F9) -> 0 | G10: =SUM(G6:G9) -> 0 | H10: =SUM(H6:H9) -> 0 | I10: =SUM(C10:H10) -> 0 | J10: =SUM(J6:J9) -> 0
A12: 2020 Contribution | B12: 0
B13: Balance, Sept. 30, 2020 | C13: 192000 | D13: =C17 -> 192000 | E13: =D17 -> 192000 | F13: =E17 -> 192000 | G13: =F17 -> 192000 | H13: =G17 -> 192000
B14: Fundraising/Donations | C14: 0 | D14: 0 | E14: 0 | F14: 0 | G14: 0 | H14: 0
B15: Contributions | C15: 0 | D15: 0 | E15: 0 | F15: 0 | G15: 0 | H15: 0
B16: Disbursements | C16: =C10 -> 0 | D16: =D10 -> 0 | E16: =E10 -> 0 | F16: =F10 -> 0 | G16: =G10 -> 0 | H16: =H10 -> 0
B17: Balance, End of Year | C17: =SUM(C13:C16) -> 192000 | D17: =SUM(D13:D16) -> 192000 | E17: =SUM(E13:E16) -> 192000 | F17: =SUM(F13:F16) -> 192000 | G17: =SUM(G13:G16) -> 192000 | H17: =SUM(H13:H16) -> 192000
B21: The Trust was established in 1988.
B22: From 2005 to 2017 four projects were funded:
B23: 2016 | C23: CA Brook | E23: 18000
B24: 2016 | C24: Ballou | E24: 17900
B25: 2013 | C25: Riverfront Park | E25: 52500
B26: 2011 | C26: Tippin Rock | E26: 50000 | F26: =SUM(E23:E26) -> 138400
B27: One project is in process: | C27: Adams/Windyhurst | F27: 40000
B28: Two addition projects in pipeline | F28: 45000
F29: =SUM(F26:F28) -> 223400
B33: "Purchase" and separate excess acreage from the Carpenter Home "Homestead" per 2018 Warrant Article 13.

Sheet Grange
A2: Ignore routine facility maintenance/replacement items, which should be in your General Fund operating expense budget.
A3: Please use amounts in even dollars; do not round to nearest thousand. Use notes to expand information when necessary.
A4: Note major changes from your prior budget. | I4: Items after 2026 over $50,000
A5: Item | B5: Comment/Purpose | C5: 2021 | D5: =C5+1 -> 2022 | E5: =D5+1 -> 2023 | F5: =E5+1 -> 2024 | G5: =F5+1 -> 2025 | H5: =G5+1 -> 2026 | I5: Item | J5: Amount
A6: Grange Hall Rehabilitation Phase I | B6: These funds in coordination with an LCHIP grant and other funds will allow completion of the 1st floor rehabilitation, roof reconstruction, and site improvements with a total estimated cost of $350,000 in 2021 | I6: Further consideration deferred pending study results. | J6: 150000
A7: Grange Hall Painting | B7: Paint exterior of building | J7: 20000
I9: Total
B10: Totals | C10: =SUM(C6:C9) -> 0 | D10: =SUM(D6:D9) -> 0 | E10: =SUM(E6:E9) -> 0 | F10: =SUM(F6:F9) -> 0 | G10: =SUM(G6:G9) -> 0 | H10: =SUM(H6:H9) -> 0 | I10: =SUM(C10:H10) -> 0 | J10: =SUM(J6:J9) -> 170000
B12: 2020 Contribution | C12: 17000
A14: (Also $1K in NRFs) | B14: Balance, Sept. 30, 2020 | C14: 17000 | D14: =C19 -> 13600 | E14: =D19 -> 13600 | F14: =E19 -> 13600 | G14: =F19 -> 13600 | H14: =G19 -> 13600
B15: Remaining 2020 Exp. | C15: -8400 | D15: 0 | E15: =D15 -> 0 | F15: =E15 -> 0 | G15: =F15 -> 0 | H15: =G15 -> 0
B16: CIP Cash Contributions | C16: 5000 | D16: 0 | E16: =D16 -> 0 | F16: =E16 -> 0 | G16: =F16 -> 0 | H16: =G16 -> 0 | I16: Via Special WA
B17: Contributions/Grants | C17: 0 | D17: =C17 -> 0 | E17: 0 | F17: =E17 -> 0 | G17: =F17 -> 0 | H17: =G17 -> 0
B18: Disbursements | C18: =-C10 -> 0 | D18: =-D10 -> 0 | E18: =-E10 -> 0 | F18: =-F10 -> 0 | G18: =-G10 -> 0 | H18: =-H10 -> 0
B19: Balance, End of Year | C19: =SUM(C14:C18) -> 13600 | D19: =SUM(D14:D18) -> 13600 | E19: =SUM(E14:E18) -> 13600 | F19: =SUM(F14:F18) -> 13600 | G19: =SUM(G14:G18) -> 13600 | H19: =SUM(H14:H18) -> 13600

Sheet WH
A2: Ignore routine facility maintenance/replacement items, which should be in your General Fund operating expense budget.
A3: Please use amounts in even dollars; do not round to nearest thousand. Use notes to expand information when necessary.
A4: Note major changes from your prior budget. | I4: Items after 2026 over $50,000
A5: Item | B5: Comment/Purpose | C5: 2021 | D5: =C5+1 -> 2022 | E5: =D5+1 -> 2023 | F5: =E5+1 -> 2024 | G5: =F5+1 -> 2025 | H5: =G5+1 -> 2026 | I5: Item | J5: Amount
A6: Exterior Painting | G6: 25000
I7: TOTAL
B8: Totals | C8: =SUM(C6:C7) -> 0 | D8: =SUM(D6:D7) -> 0 | E8: =SUM(E6:E7) -> 0 | F8: =SUM(F6:F7) -> 0 | G8: =SUM(G6:G7) -> 25000 | H8: =SUM(H6:H7) -> 0 | I8: =SUM(C8:H8) -> 25000
B10: 2020 Contribution | C10: 0
B12: Balance, Sept. 30, 2020 | C12: 105000 | D12: =C17 -> 105000 | E12: =D17 -> 105000 | F12: =E17 -> 105000 | G12: =F17 -> 105000 | H12: =G17 -> 80000 | I12: Other Funds:
B13: Late 2020 Expenditures | C13: 0 | D13: 0 | E13: 0 | F13: 0 | G13: 0 | H13: 0
B14: CIP Cash Contributions | C14: 0 | D14: 0 | E14: 0 | F14: 0 | G14: 0 | H14: 0 | I14: NRFs
B15: Other Donations | C15: 0 | D15: 0 | E15: 0 | F15: 0 | G15: 0 | H15: 0 | I15: Trusts - Common Fund
B16: Expenditures | C16: =-C8 -> 0 | D16: =-D8 -> 0 | E16: =-E8 -> 0 | F16: =-F8 -> 0 | G16: =-G8 -> -25000 | H16: =-H8 -> 0
B17: Ending Balance | C17: =SUM(C12:C16) -> 105000 | D17: =SUM(D12:D16) -> 105000 | E17: =SUM(E12:E16) -> 105000 | F17: =SUM(F12:F16) -> 105000 | G17: =SUM(G12:G16) -> 80000 | H17: =SUM(H12:H16) -> 80000
